Workbook

Sheet Приложение 1 (ОТЧЕТНЫЙ ПЕРИОД)
N1: Приложение 1
A2: ИНФОРМАЦИЯ по показателям и мероприятиям дорожных карт по достижению показателей Указа Президента Российской Федерации от 07.05.2018 № 204 Пожарский муниципальный район | K2: ИТОГОВЫЙ ОТЧЕТ на 27.01.2020 форма предоставления информации
A3: № п.п. | B3: Наименование показателя | C3: Базовое значение | E3: Значение показателя/ потребность в финансировании, млн. рублей | J3: Примечание. Сумма контракта, дата заключения контракта, поставщик, дата завершения работ по контракту. Дата внесения изменений в план-график, планируемая дата начала конкурсных процедур, планируемая дата заключения контракта. Для контрактов на подписании - дата завершения конкурсных процедур, сумма контракта, поставщик, планируемая дата заключения контракта, дата завершения работ по контракту. | K3: Значение показателя/ потребность в финансировании, млн. рублей | N3: ВСЕГО 2019-2024
B4: Пожарский муниципальный район | C4: Значение/ года | D4: Дата / вид бюджета | E4: 2019 г. (план в соответствии с бюджетом) | F4: сумма подписанного контракта по мероприятию | G4: профинанси-ровано (кассовый расход) /исполнение на 27.01.2020 | H4: 2020 г. (план в соответствии с бюджетом) | I4: 2021 г. (план в соответствии с бюджетом) | K4: 2022 г. | L4: 2023 г. | M4: 2024 г.
B5: ВСЕГО | D5: Всего | E5: =E6+E7+E8 -> 140.70178 | F5: =F6+F7+F8 -> 140.70178 | G5: =G6+G7+G8 -> 129.99178 | H5: =H6+H7+H8 -> 766.0815 | I5: =I6+I7+I8 -> 458.36633 | K5: =K6+K7+K8 -> 128.12 | L5: =L6+L7+L8 -> 118.16 | M5: =M6+M7+M8 -> 47.75 | N5: =N6+N7+N8 -> 1659.1796
D6: федер. бюджет | E6: =E11+E687 -> 17.52 | F6: =F11+F687 -> 17.52 | G6: =G11+G687 -> 17.52 | H6: =H11+H687 -> 302.936 | I6: =I11+I687 -> 329.34 | K6: =K11+K687 -> 0 | L6: =L11+L687 -> 0 | M6: =M11+M687 -> 0 | N6: =N11+N687 -> 649.796
D7: краевой бюджет | E7: =E12+E688 -> 112.25806 | F7: =F12+F688 -> 112.25806 | G7: =G12+G688 -> 102.28306 | H7: =H12+H688 -> 452.7955 | I7: =I12+I688 -> 115.32633 | K7: =K12+K688 -> 94.48 | L7: =L12+L688 -> 84.46 | M7: =M12+M688 -> 34.46 | N7: =N12+N688 -> 893.77989
D8: бюджет МО | E8: =E13+E689 -> 10.92372 | F8: =F13+F689 -> 10.92372 | G8: =G13+G689 -> 10.18872 | H8: =H13+H689 -> 10.35 | I8: =I13+I689 -> 13.7 | K8: =K13+K689 -> 33.64 | L8: =L13+L689 -> 33.7 | M8: =M13+M689 -> 13.29 | N8: =N13+N689 -> 115.60372
B10: Всего по мероприятиям национальных проектов | D10: Всего | E10: =SUM(E11:E13) -> 140.70178 | F10: =SUM(F11:F13) -> 140.70178 | G10: =SUM(G11:G13) -> 129.99178 | H10: =SUM(H11:H13) -> 766.0815 | I10: =SUM(I11:I13) -> 458.36633 | K10: =SUM(K11:K13) -> 128.12 | L10: =SUM(L11:L13) -> 118.16 | M10: =SUM(M11:M13) -> 47.75 | N10: =SUM(N11:N13) -> 1659.1796
D11: федер. бюджет | E11: =E117+E155+E392+E429+E470+E519+E548+E577+E600+E632+E648+E677 -> 17.52 | F11: =F117+F155+F392+F429+F470+F519+F548+F577+F600+F632+F648+F677 -> 17.52 | G11: =G117+G155+G392+G429+G470+G519+G548+G577+G600+G632+G648+G677 -> 17.52 | H11: =H117+H155+H392+H429+H470+H519+H548+H577+H600+H632+H648+H677 -> 302.936 | I11: =I117+I155+I392+I429+I470+I519+I548+I577+I600+I632+I648+I677 -> 329.34 | K11: =K117+K155+K392+K429+K470+K519+K548+K577+K600+K632+K648+K677 -> 0 | L11: =L117+L155+L392+L429+L470+L519+L548+L577+L600+L632+L648+L677 -> 0 | M11: =M117+M155+M392+M429+M470+M519+M548+M577+M600+M632+M648+M677 -> 0 | N11: =E11+H11+I11+K11+L11+M11 -> 649.796
D12: краевой бюджет | E12: =E118+E156+E393+E430+E471+E520+E549+E578+E601+E633+E649+E678 -> 112.25806 | F12: =F118+F156+F393+F430+F471+F520+F549+F578+F601+F633+F649+F678 -> 112.25806 | G12: =G118+G156+G393+G430+G471+G520+G549+G578+G601+G633+G649+G678 -> 102.28306 | H12: =H118+H156+H393+H430+H471+H520+H549+H578+H601+H633+H649+H678 -> 452.7955 | I12: =I118+I156+I393+I430+I471+I520+I549+I578+I601+I633+I649+I678 -> 115.32633 | K12: =K118+K156+K393+K430+K471+K520+K549+K578+K601+K633+K649+K678 -> 94.48 | L12: =L118+L156+L393+L430+L471+L520+L549+L578+L601+L633+L649+L678 -> 84.46 | M12: =M118+M156+M393+M430+M471+M520+M549+M578+M601+M633+M649+M678 -> 34.46 | N12: =E12+H12+I12+K12+L12+M12 -> 893.77989
D13: бюджет МО | E13: =E119+E157+E394+E431+E472+E521+E550+E579+E602+E634+E650+E679 -> 10.92372 | F13: =F119+F157+F394+F431+F472+F521+F550+F579+F602+F634+F650+F679 -> 10.92372 | G13: =G119+G157+G394+G431+G472+G521+G550+G579+G602+G634+G650+G679 -> 10.18872 | H13: =H119+H157+H394+H431+H472+H521+H550+H579+H602+H634+H650+H679 -> 10.35 | I13: =I119+I157+I394+I431+I472+I521+I550+I579+I602+I634+I650+I679 -> 13.7 | K13: =K119+K157+K394+K431+K472+K521+K550+K579+K602+K634+K650+K679 -> 33.64 | L13: =L119+L157+L394+L431+L472+L521+L550+L579+L602+L634+L650+L679 -> 33.7 | M13: =M119+M157+M394+M431+M472+M521+M550+M579+M602+M634+M650+M679 -> 13.29 | N13: =E13+H13+I13+K13+L13+M13 -> 115.60372
E15: I. | F15: ДЕМОГРАФИЯ
A16: Проект 2. Содействие занятости женщин - создание условий дошкольного образования для детей в возрасте до трех лет
A17: 1 | B17: Численность воспитанников в возрасте до трех лет, посещающих государственные и муниципальные организации, осуществляющие образовательную деятельность по образовательным программам дошкольного образования, присмотр и уход, человек | C17: 10120 | D17: 43101 | E17: 10294 | H17: 10673 | I17: 11395 | K17: 11445 | L17: 11450 | M17: 11450
B18: Пожарский муниципальный район | C18: 296 | D18: 43101 | E18: 300 | G18: 260 | H18: 320 | I18: 325 | J18: В 15 образовательных учреждениях воспитываются 260 детей в возрасте до 3-х лет | K18: 350 | L18: 350 | M18: 350
A19: 2 | B19: Доступность дошкольного образования для детей в возрасте от полутора до трех лет, % | C19: 94.7 | D19: 43101 | E19: 95 | H19: 97 | I19: 100 | K19: 100 | L19: 100 | M19: 100
B20: Пожарский муниципальный район | C20: 100 | D20: 43101 | E20: 100 | G20: 100 | H20: 100 | I20: 100 | J20: ПОКАЗАТЕЛЬ ВЫПОЛНЕН. В Пожарском муниципальном районе отсутствует очередь для детей в возрасте от 1,5 до 3-х лет. | K20: 100 | L20: 100 | M20: 100
B21: Меропиятия | C21: Потребность в финансировании, млн. рублей
A22: 1 | B22: Сохранение сети действующих бюджетных организации, осуществляющих образовательную деятельность по образовательным программам дошкольного образования, присмотра и ухода за детьми | D22: всего | E22: =SUM(E23:E25) -> 0 | F22: =SUM(F23:F25) -> 0 | G22: =SUM(G23:G25) -> 0 | H22: =SUM(H23:H25) -> 0 | I22: =SUM(I23:I25) -> 0 | J22: На территории Пожарского муниципального района сохранена сеть дошкольных учреждений. Действуют 10 детских дошкольных учреждений и 5 дошкольных групп при школах, которые посещает 1,4 тыс. детей | K22: =SUM(K23:K25) -> 0 | L22: =SUM(L23:L25) -> 0 | M22: =SUM(M23:M25) -> 0 | N22: =E22+H22+I22+K22+L22+M22 -> 0
D23: федер. бюджет | N23: =E23+H23+I23+K23+L23+M23 -> 0
D24: краевой бюджет | N24: =E24+H24+I24+K24+L24+M24 -> 0
D25: бюджет МО | N25: =E25+H25+I25+K25+L25+M25 -> 0
A26: Проект 5. Создание для всех категорий и групп населения условий для занятости физической культурой и спортом, массовым спортом, в том числе повышение уровня обеспеченности населения объектами спорта, а также подготовка спортивного резерва
A27: 1 | B27: Доля детей и молодёжи (возраст 3-29 лет), систематически занимающихся физической культурой и спортом, % | C27: 67.7 | D27: 12.2017 | E27: 74.9 | H27: 78.8 | I27: 80.5 | K27: 81 | L27: 83.9 | M27: 86
B28: Пожарский муниципальный район | C28: 18.3 | D28: 12.2017 | E28: 25 | G28: 67.1 | H28: 40 | I28: 46 | J28: ПОКАЗАТЕЛЬ ВЫПОЛНЕН | K28: 55 | L28: 60 | M28: 86
A29: 2 | B29: Доля граджан среднего возраста (женщины 30-54 года, мужчины 30-59 лет), систематически занимающихся физической культурой и спортом, % | C29: 23.59 | D29: 12.2017 | E29: 25.7 | H29: 31.7 | I29: 34.4 | K29: 42 | L29: 48 | M29: 56
B30: Пожарский муниципальный район | C30: 3.53 | D30: 12.2017 | E30: 15 | G30: 30.1 | H30: 35 | I30: 40 | J30: ПОКАЗАТЕЛЬ ВЫПОЛНЕН | K30: 45 | L30: 50 | M30: 56
A31: 3 | B31: Доля граджан старшего возраста (женщины 55-79 лет, мужчины 60-79 лет), систематически занимающихся физической культурой и спортом, % | C31: 4.77 | D31: 12.2017 | E31: 4.6 | H31: 6.6 | I31: 8.8 | K31: 11.8 | L31: 14.3 | M31: 18
B32: Пожарский муниципальный район | C32: 3.37 | D32: 12.2017 | E32: 4 | G32: 6.1 | H32: 4.4 | I32: 8.8 | J32: ПОКАЗАТЕЛЬ ВЫПОЛНЕН | K32: 11.8 | L32: 14.3 | M32: 18
A33: 4 | B33: Уровень обеспеченности граждан спортивными сооружениями исходя из единовременной пропускной способности объектов спорта,% | C33: 34.8 | D33: 12.2017 | E33: 52 | H33: 55.6 | I33: 56.1 | K33: 57.6 | L33: 59.1 | M33: 60.6
B34: Пожарский муниципальный район | C34: 54.44 | D34: 12.2017 | E34: 55.683322 | G34: 60.6 | H34: 55.7 | I34: 55.7 | J34: ПОКАЗАТЕЛЬ ВЫПОЛНЕН | K34: 55.8 | L34: 55.9 | M34: 60
B35: Меропиятия | C35: Потребность в финансировании, млн. рублей
A36: 1 | B36: Плоскостное спортивное сооружение. Крытая спортивная площадка (атлетический павильон) для гимнастических упражнений, Соболинское сельское поселение | D36: всего | E36: =SUM(E37:E39) -> 1.762172 | F36: =SUM(F37:F39) -> 1.762172 | G36: =SUM(G37:G39) -> 1.762172 | H36: =SUM(H37:H39) -> 0 | I36: =SUM(I37:I39) -> 0 | J36: 08.11.2019 г. площадка сдана в эксплуатацию, 07.12.2019 г. прошло торжественное открытие площадки. Все обязательства по контракту выполнены в полном объёме. Работы оплачены. | K36: =SUM(K37:K39) -> 0 | L36: =SUM(L37:L39) -> 0 | M36: =SUM(M37:M39) -> 0 | N36: =E36+H36+I36+K36+L36+M36 -> 1.762172
D37: федер. бюджет | N37: =E37+H37+I37+K37+L37+M37 -> 0
D38: краевой бюджет | E38: 1.74455 | F38: 1.74455 | G38: 1.74455 | N38: =E38+H38+I38+K38+L38+M38 -> 1.74455
D39: бюджет МО | E39: 0.017622 | F39: 0.017622 | G39: 0.017622 | N39: =E39+H39+I39+K39+L39+M39 -> 0.017622
A40: 2 | B40: Строительство хоккейной коробки в пгт Лучегорск, МОБУ СОШ № 4 | D40: всего | E40: =SUM(E41:E43) -> 2.43775 | F40: =SUM(F41:F43) -> 2.43775 | G40: =SUM(G41:G43) -> 2.43775 | H40: =SUM(H41:H43) -> 0 | I40: =SUM(I41:I43) -> 0 | J40: 02.12.2012 объект введен в эксплуатацию. Работы оплачены. | K40: =SUM(K41:K43) -> 0 | L40: =SUM(L41:L43) -> 0 | M40: =SUM(M41:M43) -> 0 | N40: =E40+H40+I40+K40+L40+M40 -> 2.43775
D41: федер. бюджет | I41: =SUM(I42:I44) -> 0 | N41: =E41+H41+I41+K41+L41+M41 -> 0
D42: краевой бюджет | E42: 2.41325 | F42: 2.41325 | G42: 2.41325 | I42: =SUM(I43:I45) -> 0 | N42: =E42+H42+I42+K42+L42+M42 -> 2.41325
D43: бюджет МО | E43: 0.0245 | F43: 0.0245 | G43: 0.0245 | I43: =SUM(I44:I46) -> 0 | N43: =E43+H43+I43+K43+L43+M43 -> 0.0245
A44: 3 | B44: Оснащение объектов спортивной инфраструктуры спортивно-техническим оборудованием в рамках федерального объекта "Спорт-норма жизни" (площадка для сдачи норм ВФСК ГТО) возле школы №1 пгт Лучегорск | D44: всего | E44: =SUM(E45:E47) -> 3.143383 | F44: =SUM(F45:F47) -> 3.143383 | G44: =SUM(G45:G47) -> 3.143383 | H44: =SUM(H45:H47) -> 0 | I44: =SUM(I45:I47) -> 0 | J44: 26.12.2019 объект введен в эксплуатацию. Работы оплачены в полном объеме. | K44: =SUM(K45:K47) -> 0 | L44: =SUM(L45:L47) -> 0 | M44: =SUM(M45:M47) -> 0 | N44: =E44+H44+I44+K44+L44+M44 -> 3.143383
D45: федер. бюджет | N45: =E45+H45+I45+K45+L45+M45 -> 0
D46: краевой бюджет | E46: 3.11195 | F46: 3.11195 | G46: 3.11195 | N46: =E46+H46+I46+K46+L46+M46 -> 3.11195
D47: бюджет МО | E47: 0.031433 | F47: 0.031433 | G47: 0.031433 | N47: =E47+H47+I47+K47+L47+M47 -> 0.031433
A48: 4 | B48: Приобретение ледозаливочной техники | D48: всего | E48: =SUM(E49:E51) -> 2.02 | F48: =SUM(F49:F51) -> 2.02 | G48: =SUM(G49:G51) -> 2.02 | H48: =SUM(H49:H51) -> 0 | I48: =SUM(I49:I51) -> 0 | J48: Оборудование поставлено, произведена приемка оборудования. Все обязательства по контракту выполнены в полном объёме. | K48: =SUM(K49:K51) -> 0 | L48: =SUM(L49:L51) -> 0 | M48: =SUM(M49:M51) -> 0 | N48: =E48+H48+I48+K48+L48+M48 -> 2.02
D49: федер. бюджет | N49: =E49+H49+I49+K49+L49+M49 -> 0
D50: краевой бюджет | E50: 2 | F50: 2 | G50: 2 | N50: =E50+H50+I50+K50+L50+M50 -> 2
D51: бюджет МО | E51: 0.02 | F51: 0.02 | G51: 0.02 | N51: =E51+H51+I51+K51+L51+M51 -> 0.02
A52: 5 | B52: Приобретение спортивного инвентаря и оборудования | D52: всего | E52: =SUM(E53:E55) -> 0.01647401 | F52: =SUM(F53:F55) -> 0.01647401 | G52: =SUM(G53:G55) -> 0.01647401 | H52: =SUM(H53:H55) -> 0 | I52: =SUM(I53:I55) -> 0 | J52: Поставка и приемка инвентаря выполнена, расчет с поставщиком произведен в полном объеме. | K52: =SUM(K53:K55) -> 0 | L52: =SUM(L53:L55) -> 0 | M52: =SUM(M53:M55) -> 0 | N52: =E52+H52+I52+K52+L52+M52 -> 0.01647401
D53: федер. бюджет | N53: =E53+H53+I53+K53+L53+M53 -> 0
D54: краевой бюджет | E54: 0.01630926 | F54: 0.01630926 | G54: 0.01630926 | N54: =E54+H54+I54+K54+L54+M54 -> 0.01630926
D55: бюджет МО | E55: 0.00016475 | F55: 0.00016475 | G55: 0.00016475 | N55: =E55+H55+I55+K55+L55+M55 -> 0.00016475
A56: 6 | B56: Строительство универсальной спортивной площадки в с. Новостройка | D56: всего | E56: =SUM(E57:E59) -> 5.3 | F56: =SUM(F57:F59) -> 5.3 | G56: =SUM(G57:G59) -> 5.3 | H56: =SUM(H57:H59) -> 0 | I56: =SUM(I57:I59) -> 8 | J56: Поступило оборудование для тренажеров для спортивной площадки на сумму 5,3 млн. руб. Завершение проекта планируется в 2021 году. | K56: =SUM(K57:K59) -> 0 | L56: =SUM(L57:L59) -> 0 | M56: =SUM(M57:M59) -> 0 | N56: =E56+H56+I56+K56+L56+M56 -> 13.3
D57: федер. бюджет | N57: =E57+H57+I57+K57+L57+M57 -> 0
D58: краевой бюджет | E58: 5.3 | F58: 5.3 | G58: 5.3 | I58: 7.92 | N58: =E58+H58+I58+K58+L58+M58 -> 13.22
D59: бюджет МО | I59: 0.08 | N59: =E59+H59+I59+K59+L59+M59 -> 0.08
A60: 7 | B60: Завершение строительства физкультурно-оздоровительного комплекса в Пожарском муниципальном районе | D60: всего | E60: =SUM(E61:E63) -> 0 | F60: =SUM(F61:F63) -> 0 | G60: =SUM(G61:G63) -> 0 | H60: =SUM(H61:H63) -> 221.1 | I60: =SUM(I61:I63) -> 0 | J60: Готовится проектно-сметная документация. | K60: =SUM(K61:K63) -> 0 | L60: =SUM(L61:L63) -> 0 | M60: =SUM(M61:M63) -> 0 | N60: =E60+H60+I60+K60+L60+M60 -> 221.1
D61: федер. бюджет | N61: =E61+H61+I61+K61+L61+M61 -> 0
D62: краевой бюджет | H62: 221.1 | N62: =E62+H62+I62+K62+L62+M62 -> 221.1
D63: бюджет МО | N63: =E63+H63+I63+K63+L63+M63 -> 0
A64: 8 | B64: Строительство универсальной спортивной площадки в с. Нагорное | D64: всего | E64: =SUM(E65:E67) -> 0 | F64: =SUM(F65:F67) -> 0 | G64: =SUM(G65:G67) -> 0 | H64: =SUM(H65:H67) -> 15 | I64: =SUM(I65:I67) -> 0 | K64: =SUM(K65:K67) -> 0 | L64: =SUM(L65:L67) -> 0 | M64: =SUM(M65:M67) -> 0 | N64: =E64+H64+I64+K64+L64+M64 -> 15
D65: федер. бюджет | H65: 14.7 | N65: =E65+H65+I65+K65+L65+M65 -> 14.7
D66: краевой бюджет | N66: =E66+H66+I66+K66+L66+M66 -> 0
D67: бюджет МО | H67: 0.3 | N67: =E67+H67+I67+K67+L67+M67 -> 0.3
A68: 9 | B68: Плоскостное спортивное сооружение. Комбинированный спортивный комплекс (для игровых видов спорта и тренажерный сектор). Нагорненское сельское поселение | D68: всего | E68: =SUM(E69:E71) -> 0 | F68: =SUM(F69:F71) -> 0 | G68: =SUM(G69:G71) -> 0 | H68: =SUM(H69:H71) -> 6.7 | I68: =SUM(I69:I71) -> 0 | K68: =SUM(K69:K71) -> 0 | L68: =SUM(L69:L71) -> 0 | M68: =SUM(M69:M71) -> 0 | N68: =E68+H68+I68+K68+L68+M68 -> 6.7
D69: федер. бюджет | H69: 6.57 | N69: =E69+H69+I69+K69+L69+M69 -> 6.57
D70: краевой бюджет | N70: =E70+H70+I70+K70+L70+M70 -> 0
D71: бюджет МО | H71: 0.13 | N71: =E71+H71+I71+K71+L71+M71 -> 0.13
A72: 10 | B72: Плоскостное спортивное сооружение. Комбинированный спортивный комплекс (для игровых видов спорта и тренажерный сектор). Пожарское сельское поселение | D72: всего | E72: =SUM(E73:E75) -> 0 | F72: =SUM(F73:F75) -> 0 | G72: =SUM(G73:G75) -> 0 | H72: =SUM(H73:H75) -> 6.7 | I72: =SUM(I73:I75) -> 0 | K72: =SUM(K73:K75) -> 0 | L72: =SUM(L73:L75) -> 0 | M72: =SUM(M73:M75) -> 0 | N72: =E72+H72+I72+K72+L72+M72 -> 6.7
D73: федер. бюджет | H73: 6.57 | N73: =E73+H73+I73+K73+L73+M73 -> 6.57
D74: краевой бюджет | N74: =E74+H74+I74+K74+L74+M74 -> 0
D75: бюджет МО | H75: 0.13 | N75: =E75+H75+I75+K75+L75+M75 -> 0.13
A76: 11 | B76: Строительство универсальной спортивной площадки в с. Пожарское | D76: всего | E76: =SUM(E77:E79) -> 0 | F76: =SUM(F77:F79) -> 0 | G76: =SUM(G77:G79) -> 0 | H76: =SUM(H77:H79) -> 0 | I76: =SUM(I77:I79) -> 15 | K76: =SUM(K77:K79) -> 0 | L76: =SUM(L77:L79) -> 0 | M76: =SUM(M77:M79) -> 0 | N76: =E76+H76+I76+K76+L76+M76 -> 15
D77: федер. бюджет | I77: 14.7 | N77: =E77+H77+I77+K77+L77+M77 -> 14.7
D78: краевой бюджет | N78: =E78+H78+I78+K78+L78+M78 -> 0
D79: бюджет МО | I79: 0.3 | N79: =E79+H79+I79+K79+L79+M79 -> 0.3
A80: 12 | B80: Строительство футбольного поля, пгт Лучегорск | D80: всего | E80: =SUM(E81:E83) -> 0 | F80: =SUM(F81:F83) -> 0 | G80: =SUM(G81:G83) -> 0 | H80: =SUM(H81:H83) -> 0.8955 | I80: =SUM(I81:I83) -> 40.816327 | K80: =SUM(K81:K83) -> 0 | L80: =SUM(L81:L83) -> 0 | M80: =SUM(M81:M83) -> 0 | N80: =E80+H80+I80+K80+L80+M80 -> 41.711827
D81: федер. бюджет | I81: 40 | N81: =E81+H81+I81+K81+L81+M81 -> 40
D82: краевой бюджет | H82: 0.8955 | I82: 0.816327 | N82: =E82+H82+I82+K82+L82+M82 -> 1.711827
D83: бюджет МО | N83: =E83+H83+I83+K83+L83+M83 -> 0
A84: 13 | B84: Плоскостное спортивное сооружение. Комбинированный спортивный комплекс (для игровых видов спорта и тренажерный сектор). Федосьевское сельское поселение | D84: всего | E84: =SUM(E85:E87) -> 0 | F84: =SUM(F85:F87) -> 0 | G84: =SUM(G85:G87) -> 0 | H84: =SUM(H85:H87) -> 0 | I84: =SUM(I85:I87) -> 6.7 | K84: =SUM(K85:K87) -> 0 | L84: =SUM(L85:L87) -> 0 | M84: =SUM(M85:M87) -> 0 | N84: =E84+H84+I84+K84+L84+M84 -> 6.7
D85: федер. бюджет | I85: 6.57 | N85: =E85+H85+I85+K85+L85+M85 -> 6.57
D86: краевой бюджет | N86: =E86+H86+I86+K86+L86+M86 -> 0
D87: бюджет МО | I87: 0.13 | N87: =E87+H87+I87+K87+L87+M87 -> 0.13
A88: 14 | B88: Строительство универсальной спортивной площадки в с. Верхний Перевал | D88: всего | E88: =SUM(E89:E91) -> 0 | F88: =SUM(F89:F91) -> 0 | G88: =SUM(G89:G91) -> 0 | H88: =SUM(H89:H91) -> 0 | I88: =SUM(I89:I91) -> 15 | K88: =SUM(K89:K91) -> 0 | L88: =SUM(L89:L91) -> 0 | M88: =SUM(M89:M91) -> 0 | N88: =E88+H88+I88+K88+L88+M88 -> 15
D89: федер. бюджет | I89: 14.7 | N89: =E89+H89+I89+K89+L89+M89 -> 14.7
D90: краевой бюджет | N90: =E90+H90+I90+K90+L90+M90 -> 0
D91: бюджет МО | I91: 0.3 | N91: =E91+H91+I91+K91+L91+M91 -> 0.3
A92: 15 | B92: Плоскостное спортивное сооружение. Комбинированный спортивный комплекс (для игровых видов спорта и тренажерный сектор) с. Верхний Перевал | D92: всего | E92: =SUM(E93:E95) -> 0 | F92: =SUM(F93:F95) -> 0 | G92: =SUM(G93:G95) -> 0 | H92: =SUM(H93:H95) -> 0 | I92: =SUM(I93:I95) -> 4.3 | K92: =SUM(K93:K95) -> 0 | L92: =SUM(L93:L95) -> 0 | M92: =SUM(M93:M95) -> 0 | N92: =E92+H92+I92+K92+L92+M92 -> 4.3
D93: федер. бюджет | N93: =E93+H93+I93+K93+L93+M93 -> 0
D94: краевой бюджет | I94: 3.9 | N94: =E94+H94+I94+K94+L94+M94 -> 3.9
D95: бюджет МО | I95: 0.4 | N95: =E95+H95+I95+K95+L95+M95 -> 0.4
A96: 16 | B96: Плоскостное спортивное сооружение. Универсальная площадка для игровых видов спорта. Игнатьевское сельское поселение | D96: всего | E96: =SUM(E97:E99) -> 0 | F96: =SUM(F97:F99) -> 0 | G96: =SUM(G97:G99) -> 0 | H96: =SUM(H97:H99) -> 0 | I96: =SUM(I97:I99) -> 4.3 | K96: =SUM(K97:K99) -> 0 | L96: =SUM(L97:L99) -> 0 | M96: =SUM(M97:M99) -> 0 | N96: =E96+H96+I96+K96+L96+M96 -> 4.3
D97: федер. бюджет | I97: 4.21 | N97: =E97+H97+I97+K97+L97+M97 -> 4.21
D98: краевой бюджет | N98: =E98+H98+I98+K98+L98+M98 -> 0
D99: бюджет МО | I99: 0.09 | N99: =E99+H99+I99+K99+L99+M99 -> 0.09
A100: 17 | B100: Строительство спортивного зала для школы с. Новостройка | D100: всего | E100: =SUM(E101:E103) -> 0 | F100: =SUM(F101:F103) -> 0 | G100: =SUM(G101:G103) -> 0 | H100: =SUM(H101:H103) -> 0 | I100: =SUM(I101:I103) -> 0 | K100: =SUM(K101:K103) -> 0 | L100: =SUM(L101:L103) -> 55.55 | M100: =SUM(M101:M103) -> 0 | N100: =E100+H100+I100+K100+L100+M100 -> 55.55
D101: федер. бюджет | N101: =E101+H101+I101+K101+L101+M101 -> 0
D102: краевой бюджет | L102: 55 | N102: =E102+H102+I102+K102+L102+M102 -> 55
...

Sheet Приложение 2 (СВОД)
B1: ФОРМАТ И ШРИФТЫ НЕ ИЗМЕНЯТЬ | N1: Приложение 2
A2: ='Приложение 1 (ОТЧЕТНЫЙ ПЕРИОД)'!A2:J2 -> ИНФОРМАЦИЯ по показателям и мероприятиям дорожных карт по достижению показателей Указа Президента Российской Федерации от 07.05.2018 № 204 Пожарский муниципальный район | K2: ИТОГОВАЯ форма предоставления информации | X2: Приложение 3
A3: № п.п. | B3: Наименование показателя | C3: Базовое значение | E3: Значение показателя/ потребность в финансировании, млн. рублей | J3: Примечание. Сумма контракта, дата заключения контракта, поставщик, дата завершения работ по контракту. Дата внесения изменений в план-график, планируемая дата начала конкурсных процедур, планируемая дата заключения контракта. Для контрактов на подписании - дата завершения конкурсных процедур, сумма контракта, поставщик, планируемая дата заключения контракта, дата завершения работ по контракту. | K3: Значение показателя/ потребность в финансировании, млн. рублей | N3: ВСЕГО 2019-2024 | R3: Текущее исполнение показателей, %, 2019 год
B4: ='Приложение 1 (ОТЧЕТНЫЙ ПЕРИОД)'!B4 -> Пожарский муниципальный район | C4: Значение/ года | D4: Дата / вид бюджета | E4: 2019 г. (план в соответствии с бюджетом) | F4: сумма подписанного контракта по мероприятию | G4: ='Приложение 1 (ОТЧЕТНЫЙ ПЕРИОД)'!G4 -> профинанси-ровано (кассовый расход) /исполнение на 27.01.2020 | H4: 2020 г. (план в соответствии с бюджетом) | I4: 2021 г. (план в соответствии с бюджетом) | K4: 2022 г. | L4: 2023 г. | M4: 2024 г. | P4: проверочная сторока | R4: =B4 -> Пожарский муниципальный район | S4: Вид бюджета | T4: 2019 г. (план в соответствии с бюджетом), млн рублей | U4: сумма подписанного контракта по мероприятию, млн рублей | V4: =G4 -> профинанси-ровано (кассовый расход) /исполнение на 27.01.2020 | W4: % подписанного контракта по мероприятию от запланированного, (законтрактовано) | X4: % профинансировано (кассовый расход) /исполнение (от закантрактованного)
B5: ВСЕГО | D5: Всего | E5: =E6+E7+E8 -> 140.70178 | F5: =F6+F7+F8 -> 140.70178 | G5: =G6+G7+G8 -> 129.99178 | H5: =H6+H7+H8 -> 766.0815 | I5: =I6+I7+I8 -> 458.36633 | K5: =K6+K7+K8 -> 128.12 | L5: =L6+L7+L8 -> 118.16 | M5: =M6+M7+M8 -> 47.75 | N5: =N6+N7+N8 -> 1659.1796 | R5: =B5 -> ВСЕГО | S5: =D5 -> Всего | T5: =E5 -> 140.70178 | U5: =F5 -> 140.70178 | V5: =G5 -> 129.99178 | W5: =F5/E5% -> 100 | X5: =G5/F5% -> 92.388156
D6: федер. бюджет | E6: =E19+E135 -> 17.52 | F6: =F19+F135 -> 17.52 | G6: =G19+G135 -> 17.52 | H6: =H19+H135 -> 302.936 | I6: =I19+I135 -> 329.34 | K6: =K19+K135 -> 0 | L6: =L19+L135 -> 0 | M6: =M19+M135 -> 0 | N6: =N19+N135 -> 649.796
D7: краевой бюджет | E7: =E20+E136 -> 112.25806 | F7: =F20+F136 -> 112.25806 | G7: =G20+G136 -> 102.28306 | H7: =H20+H136 -> 452.7955 | I7: =I20+I136 -> 115.32633 | K7: =K20+K136 -> 94.48 | L7: =L20+L136 -> 84.46 | M7: =M20+M136 -> 34.46 | N7: =N20+N136 -> 893.77989
D8: бюджет МО | E8: =E21+E137 -> 10.92372 | F8: =F21+F137 -> 10.92372 | G8: =G21+G137 -> 10.18872 | H8: =H21+H137 -> 10.35 | I8: =I21+I137 -> 13.7 | K8: =K21+K137 -> 33.64 | L8: =L21+L137 -> 33.7 | M8: =M21+M137 -> 13.29 | N8: =N21+N137 -> 115.60372
B11: проверочная сторока | D11: Всего | E11: =E5-'Приложение 1 (ОТЧЕТНЫЙ ПЕРИОД)'!E5 -> 0 | F11: =F5-'Приложение 1 (ОТЧЕТНЫЙ ПЕРИОД)'!F5 -> 0 | G11: =G5-'Приложение 1 (ОТЧЕТНЫЙ ПЕРИОД)'!G5 -> 0 | H11: =H5-'Приложение 1 (ОТЧЕТНЫЙ ПЕРИОД)'!H5 -> 0 | I11: =I5-'Приложение 1 (ОТЧЕТНЫЙ ПЕРИОД)'!I5 -> 0 | K11: =K5-'Приложение 1 (ОТЧЕТНЫЙ ПЕРИОД)'!K5 -> 0 | L11: =L5-'Приложение 1 (ОТЧЕТНЫЙ ПЕРИОД)'!L5 -> 0 | M11: =M5-'Приложение 1 (ОТЧЕТНЫЙ ПЕРИОД)'!M5 -> 0 | N11: =N5-'Приложение 1 (ОТЧЕТНЫЙ ПЕРИОД)'!N5 -> 0 | P11: =SUM(E11:O11) -> 0
B12: проверочная сторока | D12: федер. бюджет | E12: =E6-'Приложение 1 (ОТЧЕТНЫЙ ПЕРИОД)'!E6 -> 0 | F12: =F6-'Приложение 1 (ОТЧЕТНЫЙ ПЕРИОД)'!F6 -> 0 | G12: =G6-'Приложение 1 (ОТЧЕТНЫЙ ПЕРИОД)'!G6 -> 0 | H12: =H6-'Приложение 1 (ОТЧЕТНЫЙ ПЕРИОД)'!H6 -> 0 | I12: =I6-'Приложение 1 (ОТЧЕТНЫЙ ПЕРИОД)'!I6 -> 0 | K12: =K6-'Приложение 1 (ОТЧЕТНЫЙ ПЕРИОД)'!K6 -> 0 | L12: =L6-'Приложение 1 (ОТЧЕТНЫЙ ПЕРИОД)'!L6 -> 0 | M12: =M6-'Приложение 1 (ОТЧЕТНЫЙ ПЕРИОД)'!M6 -> 0 | N12: =N6-'Приложение 1 (ОТЧЕТНЫЙ ПЕРИОД)'!N6 -> 0 | P12: =SUM(E12:O12) -> 0
B13: проверочная сторока | D13: краевой бюджет | E13: =E7-'Приложение 1 (ОТЧЕТНЫЙ ПЕРИОД)'!E7 -> 0 | F13: =F7-'Приложение 1 (ОТЧЕТНЫЙ ПЕРИОД)'!F7 -> 0 | G13: =G7-'Приложение 1 (ОТЧЕТНЫЙ ПЕРИОД)'!G7 -> 0 | H13: =H7-'Приложение 1 (ОТЧЕТНЫЙ ПЕРИОД)'!H7 -> 0 | I13: =I7-'Приложение 1 (ОТЧЕТНЫЙ ПЕРИОД)'!I7 -> 0 | K13: =K7-'Приложение 1 (ОТЧЕТНЫЙ ПЕРИОД)'!K7 -> 0 | L13: =L7-'Приложение 1 (ОТЧЕТНЫЙ ПЕРИОД)'!L7 -> 0 | M13: =M7-'Приложение 1 (ОТЧЕТНЫЙ ПЕРИОД)'!M7 -> 0 | N13: =N7-'Приложение 1 (ОТЧЕТНЫЙ ПЕРИОД)'!N7 -> 0 | P13: =SUM(E13:O13) -> 0
B14: проверочная сторока | D14: бюджет МО | E14: =E8-'Приложение 1 (ОТЧЕТНЫЙ ПЕРИОД)'!E8 -> 0 | F14: =F8-'Приложение 1 (ОТЧЕТНЫЙ ПЕРИОД)'!F8 -> 0 | G14: =G8-'Приложение 1 (ОТЧЕТНЫЙ ПЕРИОД)'!G8 -> 0 | H14: =H8-'Приложение 1 (ОТЧЕТНЫЙ ПЕРИОД)'!H8 -> 0 | I14: =I8-'Приложение 1 (ОТЧЕТНЫЙ ПЕРИОД)'!I8 -> 0 | K14: =K8-'Приложение 1 (ОТЧЕТНЫЙ ПЕРИОД)'!K8 -> 0 | L14: =L8-'Приложение 1 (ОТЧЕТНЫЙ ПЕРИОД)'!L8 -> 0 | M14: =M8-'Приложение 1 (ОТЧЕТНЫЙ ПЕРИОД)'!M8 -> 0 | N14: =N8-'Приложение 1 (ОТЧЕТНЫЙ ПЕРИОД)'!N8 -> 0 | P14: =SUM(E14:O14) -> 0
B18: Всего по мероприятиям национальных проектов | D18: Всего | E18: ='Приложение 1 (ОТЧЕТНЫЙ ПЕРИОД)'!E10 -> 140.70178 | F18: ='Приложение 1 (ОТЧЕТНЫЙ ПЕРИОД)'!F10 -> 140.70178 | G18: ='Приложение 1 (ОТЧЕТНЫЙ ПЕРИОД)'!G10 -> 129.99178 | H18: ='Приложение 1 (ОТЧЕТНЫЙ ПЕРИОД)'!H10 -> 766.0815 | I18: ='Приложение 1 (ОТЧЕТНЫЙ ПЕРИОД)'!I10 -> 458.36633 | K18: ='Приложение 1 (ОТЧЕТНЫЙ ПЕРИОД)'!K10 -> 128.12 | L18: ='Приложение 1 (ОТЧЕТНЫЙ ПЕРИОД)'!L10 -> 118.16 | M18: ='Приложение 1 (ОТЧЕТНЫЙ ПЕРИОД)'!M10 -> 47.75 | N18: ='Приложение 1 (ОТЧЕТНЫЙ ПЕРИОД)'!N10 -> 1659.1796
D19: федер. бюджет | E19: ='Приложение 1 (ОТЧЕТНЫЙ ПЕРИОД)'!E11 -> 17.52 | F19: ='Приложение 1 (ОТЧЕТНЫЙ ПЕРИОД)'!F11 -> 17.52 | G19: ='Приложение 1 (ОТЧЕТНЫЙ ПЕРИОД)'!G11 -> 17.52 | H19: ='Приложение 1 (ОТЧЕТНЫЙ ПЕРИОД)'!H11 -> 302.936 | I19: ='Приложение 1 (ОТЧЕТНЫЙ ПЕРИОД)'!I11 -> 329.34 | K19: ='Приложение 1 (ОТЧЕТНЫЙ ПЕРИОД)'!K11 -> 0 | L19: ='Приложение 1 (ОТЧЕТНЫЙ ПЕРИОД)'!L11 -> 0 | M19: ='Приложение 1 (ОТЧЕТНЫЙ ПЕРИОД)'!M11 -> 0 | N19: ='Приложение 1 (ОТЧЕТНЫЙ ПЕРИОД)'!N11 -> 649.796
D20: краевой бюджет | E20: ='Приложение 1 (ОТЧЕТНЫЙ ПЕРИОД)'!E12 -> 112.25806 | F20: ='Приложение 1 (ОТЧЕТНЫЙ ПЕРИОД)'!F12 -> 112.25806 | G20: ='Приложение 1 (ОТЧЕТНЫЙ ПЕРИОД)'!G12 -> 102.28306 | H20: ='Приложение 1 (ОТЧЕТНЫЙ ПЕРИОД)'!H12 -> 452.7955 | I20: ='Приложение 1 (ОТЧЕТНЫЙ ПЕРИОД)'!I12 -> 115.32633 | K20: ='Приложение 1 (ОТЧЕТНЫЙ ПЕРИОД)'!K12 -> 94.48 | L20: ='Приложение 1 (ОТЧЕТНЫЙ ПЕРИОД)'!L12 -> 84.46 | M20: ='Приложение 1 (ОТЧЕТНЫЙ ПЕРИОД)'!M12 -> 34.46 | N20: ='Приложение 1 (ОТЧЕТНЫЙ ПЕРИОД)'!N12 -> 893.77989
D21: бюджет МО | E21: ='Приложение 1 (ОТЧЕТНЫЙ ПЕРИОД)'!E13 -> 10.92372 | F21: ='Приложение 1 (ОТЧЕТНЫЙ ПЕРИОД)'!F13 -> 10.92372 | G21: ='Приложение 1 (ОТЧЕТНЫЙ ПЕРИОД)'!G13 -> 10.18872 | H21: ='Приложение 1 (ОТЧЕТНЫЙ ПЕРИОД)'!H13 -> 10.35 | I21: ='Приложение 1 (ОТЧЕТНЫЙ ПЕРИОД)'!I13 -> 13.7 | K21: ='Приложение 1 (ОТЧЕТНЫЙ ПЕРИОД)'!K13 -> 33.64 | L21: ='Приложение 1 (ОТЧЕТНЫЙ ПЕРИОД)'!L13 -> 33.7 | M21: ='Приложение 1 (ОТЧЕТНЫЙ ПЕРИОД)'!M13 -> 13.29 | N21: ='Приложение 1 (ОТЧЕТНЫЙ ПЕРИОД)'!N13 -> 115.60372
D22: проверочная сторока | E22: =E19+E20+E21 -> 140.70178 | F22: =F19+F20+F21 -> 140.70178 | G22: =G19+G20+G21 -> 129.99178 | H22: =H19+H20+H21 -> 766.0815 | I22: =I19+I20+I21 -> 458.36633 | K22: =K19+K20+K21 -> 128.12 | L22: =L19+L20+L21 -> 118.16 | M22: =M19+M20+M21 -> 47.75 | N22: =N19+N20+N21 -> 1659.1796 | P22: =SUM(E22:O22) -> 3589.0528
D23: проверочная сторока | E23: =E22-E18 -> 0 | F23: =F22-F18 -> 0 | G23: =G22-G18 -> 0 | H23: =H22-H18 -> 0 | I23: =I22-I18 -> 0 | K23: =K22-K18 -> 0 | L23: =L22-L18 -> 0 | M23: =M22-M18 -> 0 | N23: =N22-N18 -> 0 | P23: =SUM(E23:O23) -> 0
B24: проверочная сторока | D24: Всего | E24: =E25+E26+E27 -> 140.70178 | F24: =F25+F26+F27 -> 140.70178 | G24: =G25+G26+G27 -> 129.99178 | H24: =H25+H26+H27 -> 766.0815 | I24: =I25+I26+I27 -> 458.36633 | K24: =K25+K26+K27 -> 128.12 | L24: =L25+L26+L27 -> 118.16 | M24: =M25+M26+M27 -> 47.75 | N24: =N25+N26+N27 -> 1659.1796 | P24: =SUM(E24:O24) -> 3589.0528
B25: проверочная сторока | D25: федер. бюджет | E25: =E37+E44+E62+E69+E76+E83+E90+E97+E104+E111+E118+E125 -> 17.52 | F25: =F37+F44+F62+F69+F76+F83+F90+F97+F104+F111+F118+F125 -> 17.52 | G25: =G37+G44+G62+G69+G76+G83+G90+G97+G104+G111+G118+G125 -> 17.52 | H25: =H37+H44+H62+H69+H76+H83+H90+H97+H104+H111+H118+H125 -> 302.936 | I25: =I37+I44+I62+I69+I76+I83+I90+I97+I104+I111+I118+I125 -> 329.34 | K25: =K37+K44+K62+K69+K76+K83+K90+K97+K104+K111+K118+K125 -> 0 | L25: =L37+L44+L62+L69+L76+L83+L90+L97+L104+L111+L118+L125 -> 0 | M25: =M37+M44+M62+M69+M76+M83+M90+M97+M104+M111+M118+M125 -> 0 | N25: =N37+N44+N62+N69+N76+N83+N90+N97+N104+N111+N118+N125 -> 649.796 | P25: =SUM(E25:O25) -> 1334.632
B26: проверочная сторока | D26: краевой бюджет | E26: =E38+E45+E63+E70+E77+E84+E91+E98+E105+E112+E119+E126 -> 112.25806 | F26: =F38+F45+F63+F70+F77+F84+F91+F98+F105+F112+F119+F126 -> 112.25806 | G26: =G38+G45+G63+G70+G77+G84+G91+G98+G105+G112+G119+G126 -> 102.28306 | H26: =H38+H45+H63+H70+H77+H84+H91+H98+H105+H112+H119+H126 -> 452.7955 | I26: =I38+I45+I63+I70+I77+I84+I91+I98+I105+I112+I119+I126 -> 115.32633 | K26: =K38+K45+K63+K70+K77+K84+K91+K98+K105+K112+K119+K126 -> 94.48 | L26: =L38+L45+L63+L70+L77+L84+L91+L98+L105+L112+L119+L126 -> 84.46 | M26: =M38+M45+M63+M70+M77+M84+M91+M98+M105+M112+M119+M126 -> 34.46 | N26: =N38+N45+N63+N70+N77+N84+N91+N98+N105+N112+N119+N126 -> 893.77989 | P26: =SUM(E26:O26) -> 2002.1009
B27: проверочная сторока | D27: бюджет МО | E27: =E39+E46+E64+E71+E78+E85+E92+E99+E106+E113+E120+E127 -> 10.92372 | F27: =F39+F46+F64+F71+F78+F85+F92+F99+F106+F113+F120+F127 -> 10.92372 | G27: =G39+G46+G64+G71+G78+G85+G92+G99+G106+G113+G120+G127 -> 10.18872 | H27: =H39+H46+H64+H71+H78+H85+H92+H99+H106+H113+H120+H127 -> 10.35 | I27: =I39+I46+I64+I71+I78+I85+I92+I99+I106+I113+I120+I127 -> 13.7 | K27: =K39+K46+K64+K71+K78+K85+K92+K99+K106+K113+K120+K127 -> 33.64 | L27: =L39+L46+L64+L71+L78+L85+L92+L99+L106+L113+L120+L127 -> 33.7 | M27: =M39+M46+M64+M71+M78+M85+M92+M99+M106+M113+M120+M127 -> 13.29 | N27: =N39+N46+N64+N71+N78+N85+N92+N99+N106+N113+N120+N127 -> 115.60372 | P27: =SUM(E27:O27) -> 252.31988
B29: проверочная сторока | D29: Всего | E29: =E24-E18 -> 0 | F29: =F24-F18 -> 0 | G29: =G24-G18 -> 0 | H29: =H24-H18 -> 0 | I29: =I24-I18 -> 0 | K29: =K24-K18 -> 0 | L29: =L24-L18 -> 0 | M29: =M24-M18 -> 0 | N29: =N24-N18 -> 0 | P29: =SUM(E29:O29) -> 0
B30: проверочная сторока | D30: федер. бюджет | E30: =E25-E19 -> 0 | F30: =F25-F19 -> 0 | G30: =G25-G19 -> 0 | H30: =H25-H19 -> 0 | I30: =I25-I19 -> 0 | K30: =K25-K19 -> 0 | L30: =L25-L19 -> 0 | M30: =M25-M19 -> 0 | N30: =N25-N19 -> 0 | P30: =SUM(E30:O30) -> 0
B31: проверочная сторока | D31: краевой бюджет | E31: =E26-E20 -> 0 | F31: =F26-F20 -> 0 | G31: =G26-G20 -> 0 | H31: =H26-H20 -> 0 | I31: =I26-I20 -> 0 | K31: =K26-K20 -> 0 | L31: =L26-L20 -> 0 | M31: =M26-M20 -> 0 | N31: =N26-N20 -> 0 | P31: =SUM(E31:O31) -> 0
B32: проверочная сторока | D32: бюджет МО | E32: =E27-E21 -> 0 | F32: =F27-F21 -> 0 | G32: =G27-G21 -> 0 | H32: =H27-H21 -> 0 | I32: =I27-I21 -> 0 | K32: =K27-K21 -> 0 | L32: =L27-L21 -> 0 | M32: =M27-M21 -> 0 | N32: =N27-N21 -> 0 | P32: =SUM(E32:O32) -> 0
E35: I. | F35: ДЕМОГРАФИЯ
A36: =E35 -> I. | B36: Итого по национальному проекту | D36: Всего | E36: ='Приложение 1 (ОТЧЕТНЫЙ ПЕРИОД)'!E116 -> 15.429779 | F36: ='Приложение 1 (ОТЧЕТНЫЙ ПЕРИОД)'!F116 -> 15.429779 | G36: ='Приложение 1 (ОТЧЕТНЫЙ ПЕРИОД)'!G116 -> 15.429779 | H36: ='Приложение 1 (ОТЧЕТНЫЙ ПЕРИОД)'!H116 -> 250.8955 | I36: ='Приложение 1 (ОТЧЕТНЫЙ ПЕРИОД)'!I116 -> 94.516327 | K36: ='Приложение 1 (ОТЧЕТНЫЙ ПЕРИОД)'!K116 -> 0.4 | L36: ='Приложение 1 (ОТЧЕТНЫЙ ПЕРИОД)'!L116 -> 55.95 | M36: ='Приложение 1 (ОТЧЕТНЫЙ ПЕРИОД)'!M116 -> 0.4 | N36: ='Приложение 1 (ОТЧЕТНЫЙ ПЕРИОД)'!N116 -> 417.59161 | R36: =B37 -> ДЕМОГРАФИЯ | S36: =D36 -> Всего | T36: =E36 -> 15.429779 | U36: =F36 -> 15.429779 | V36: =G36 -> 15.429779 | W36: =F36/E36% -> 100 | X36: =G36/F36% -> 100
B37: =F35 -> ДЕМОГРАФИЯ | D37: федер. бюджет | E37: ='Приложение 1 (ОТЧЕТНЫЙ ПЕРИОД)'!E117 -> 0 | F37: ='Приложение 1 (ОТЧЕТНЫЙ ПЕРИОД)'!F117 -> 0 | G37: ='Приложение 1 (ОТЧЕТНЫЙ ПЕРИОД)'!G117 -> 0 | H37: ='Приложение 1 (ОТЧЕТНЫЙ ПЕРИОД)'!H117 -> 27.84 | I37: ='Приложение 1 (ОТЧЕТНЫЙ ПЕРИОД)'!I117 -> 80.18 | K37: ='Приложение 1 (ОТЧЕТНЫЙ ПЕРИОД)'!K117 -> 0 | L37: ='Приложение 1 (ОТЧЕТНЫЙ ПЕРИОД)'!L117 -> 0 | M37: ='Приложение 1 (ОТЧЕТНЫЙ ПЕРИОД)'!M117 -> 0 | N37: ='Приложение 1 (ОТЧЕТНЫЙ ПЕРИОД)'!N117 -> 108.02
D38: краевой бюджет | E38: ='Приложение 1 (ОТЧЕТНЫЙ ПЕРИОД)'!E118 -> 14.586059 | F38: ='Приложение 1 (ОТЧЕТНЫЙ ПЕРИОД)'!F118 -> 14.586059 | G38: ='Приложение 1 (ОТЧЕТНЫЙ ПЕРИОД)'!G118 -> 14.586059 | H38: ='Приложение 1 (ОТЧЕТНЫЙ ПЕРИОД)'!H118 -> 221.9955 | I38: ='Приложение 1 (ОТЧЕТНЫЙ ПЕРИОД)'!I118 -> 12.636327 | K38: ='Приложение 1 (ОТЧЕТНЫЙ ПЕРИОД)'!K118 -> 0 | L38: ='Приложение 1 (ОТЧЕТНЫЙ ПЕРИОД)'!L118 -> 55 | M38: ='Приложение 1 (ОТЧЕТНЫЙ ПЕРИОД)'!M118 -> 0 | N38: ='Приложение 1 (ОТЧЕТНЫЙ ПЕРИОД)'!N118 -> 304.21789
D39: бюджет МО | E39: ='Приложение 1 (ОТЧЕТНЫЙ ПЕРИОД)'!E119 -> 0.84371975 | F39: ='Приложение 1 (ОТЧЕТНЫЙ ПЕРИОД)'!F119 -> 0.84371975 | G39: ='Приложение 1 (ОТЧЕТНЫЙ ПЕРИОД)'!G119 -> 0.84371975 | H39: ='Приложение 1 (ОТЧЕТНЫЙ ПЕРИОД)'!H119 -> 1.06 | I39: ='Приложение 1 (ОТЧЕТНЫЙ ПЕРИОД)'!I119 -> 1.7 | K39: ='Приложение 1 (ОТЧЕТНЫЙ ПЕРИОД)'!K119 -> 0.4 | L39: ='Приложение 1 (ОТЧЕТНЫЙ ПЕРИОД)'!L119 -> 0.95 | M39: ='Приложение 1 (ОТЧЕТНЫЙ ПЕРИОД)'!M119 -> 0.4 | N39: ='Приложение 1 (ОТЧЕТНЫЙ ПЕРИОД)'!N119 -> 5.3537198
D40: проверочная сторока | E40: =E37+E38+E39 -> 15.429779 | F40: =F37+F38+F39 -> 15.429779 | G40: =G37+G38+G39 -> 15.429779 | H40: =H37+H38+H39 -> 250.8955 | I40: =I37+I38+I39 -> 94.516327 | K40: =K37+K38+K39 -> 0.4 | L40: =L37+L38+L39 -> 55.95 | M40: =M37+M38+M39 -> 0.4 | N40: =N37+N38+N39 -> 417.59161 | P40: =SUM(E40:O40) -> 866.04277
D41: проверочная сторока | E41: =E40-E36 -> 0 | F41: =F40-F36 -> 0 | G41: =G40-G36 -> 0 | H41: =H40-H36 -> 0 | I41: =I40-I36 -> 0 | K41: =K40-K36 -> 0 | L41: =L40-L36 -> 0 | M41: =M40-M36 -> 0 | N41: =N40-N36 -> 0 | P41: =SUM(E41:O41) -> 0
E42: II. | F42: ЗДРАВООХРАНЕНИЕ
A43: =E42 -> II. | B43: Итого по национальному проекту | D43: Всего | E43: ='Приложение 1 (ОТЧЕТНЫЙ ПЕРИОД)'!E154 -> 0 | F43: ='Приложение 1 (ОТЧЕТНЫЙ ПЕРИОД)'!F154 -> 0 | G43: ='Приложение 1 (ОТЧЕТНЫЙ ПЕРИОД)'!G154 -> 0 | H43: ='Приложение 1 (ОТЧЕТНЫЙ ПЕРИОД)'!H154 -> 0 | I43: ='Приложение 1 (ОТЧЕТНЫЙ ПЕРИОД)'!I154 -> 0 | K43: ='Приложение 1 (ОТЧЕТНЫЙ ПЕРИОД)'!K154 -> 0 | L43: ='Приложение 1 (ОТЧЕТНЫЙ ПЕРИОД)'!L154 -> 0 | M43: ='Приложение 1 (ОТЧЕТНЫЙ ПЕРИОД)'!M154 -> 0 | N43: ='Приложение 1 (ОТЧЕТНЫЙ ПЕРИОД)'!N154 -> 0 | R43: =B44 -> ЗДРАВООХРАНЕНИЕ | S43: =D43 -> Всего | T43: =E43 -> 0 | U43: =F43 -> 0 | V43: =G43 -> 0 | W43: =F43/E43% -> #DIV/0! | X43: =G43/F43% -> #DIV/0!
B44: =F42 -> ЗДРАВООХРАНЕНИЕ | D44: федер. бюджет | E44: ='Приложение 1 (ОТЧЕТНЫЙ ПЕРИОД)'!E155 -> 0 | F44: ='Приложение 1 (ОТЧЕТНЫЙ ПЕРИОД)'!F155 -> 0 | G44: ='Приложение 1 (ОТЧЕТНЫЙ ПЕРИОД)'!G155 -> 0 | H44: ='Приложение 1 (ОТЧЕТНЫЙ ПЕРИОД)'!H155 -> 0 | I44: ='Приложение 1 (ОТЧЕТНЫЙ ПЕРИОД)'!I155 -> 0 | K44: ='Приложение 1 (ОТЧЕТНЫЙ ПЕРИОД)'!K155 -> 0 | L44: ='Приложение 1 (ОТЧЕТНЫЙ ПЕРИОД)'!L155 -> 0 | M44: ='Приложение 1 (ОТЧЕТНЫЙ ПЕРИОД)'!M155 -> 0 | N44: ='Приложение 1 (ОТЧЕТНЫЙ ПЕРИОД)'!N155 -> 0
D45: краевой бюджет | E45: ='Приложение 1 (ОТЧЕТНЫЙ ПЕРИОД)'!E156 -> 0 | F45: ='Приложение 1 (ОТЧЕТНЫЙ ПЕРИОД)'!F156 -> 0 | G45: ='Приложение 1 (ОТЧЕТНЫЙ ПЕРИОД)'!G156 -> 0 | H45: ='Приложение 1 (ОТЧЕТНЫЙ ПЕРИОД)'!H156 -> 0 | I45: ='Приложение 1 (ОТЧЕТНЫЙ ПЕРИОД)'!I156 -> 0 | K45: ='Приложение 1 (ОТЧЕТНЫЙ ПЕРИОД)'!K156 -> 0 | L45: ='Приложение 1 (ОТЧЕТНЫЙ ПЕРИОД)'!L156 -> 0 | M45: ='Приложение 1 (ОТЧЕТНЫЙ ПЕРИОД)'!M156 -> 0 | N45: ='Приложение 1 (ОТЧЕТНЫЙ ПЕРИОД)'!N156 -> 0
D46: бюджет МО | E46: ='Приложение 1 (ОТЧЕТНЫЙ ПЕРИОД)'!E157 -> 0 | F46: ='Приложение 1 (ОТЧЕТНЫЙ ПЕРИОД)'!F157 -> 0 | G46: ='Приложение 1 (ОТЧЕТНЫЙ ПЕРИОД)'!G157 -> 0 | H46: ='Приложение 1 (ОТЧЕТНЫЙ ПЕРИОД)'!H157 -> 0 | I46: ='Приложение 1 (ОТЧЕТНЫЙ ПЕРИОД)'!I157 -> 0 | K46: ='Приложение 1 (ОТЧЕТНЫЙ ПЕРИОД)'!K157 -> 0 | L46: ='Приложение 1 (ОТЧЕТНЫЙ ПЕРИОД)'!L157 -> 0 | M46: ='Приложение 1 (ОТЧЕТНЫЙ ПЕРИОД)'!M157 -> 0 | N46: ='Приложение 1 (ОТЧЕТНЫЙ ПЕРИОД)'!N157 -> 0
D47: проверочная сторока | E47: =E44+E45+E46 -> 0 | F47: =F44+F45+F46 -> 0 | G47: =G44+G45+G46 -> 0 | H47: =H44+H45+H46 -> 0 | I47: =I44+I45+I46 -> 0 | K47: =K44+K45+K46 -> 0 | L47: =L44+L45+L46 -> 0 | M47: =M44+M45+M46 -> 0 | N47: =N44+N45+N46 -> 0 | P47: =SUM(E47:O47) -> 0
D48: проверочная сторока | E48: =E47-E43 -> 0 | F48: =F47-F43 -> 0 | G48: =G47-G43 -> 0 | H48: =H47-H43 -> 0 | I48: =I47-I43 -> 0 | K48: =K47-K43 -> 0 | L48: =L47-L43 -> 0 | M48: =M47-M43 -> 0 | N48: =N47-N43 -> 0 | P48: =SUM(E48:O48) -> 0
A49: Показатели для оценки деятельности глав муниципальных образований Приморского края по достижению задач регионального проекта «Здравоохранение» на 2019 год
A50: 1 | B50: Количество сохраненных жизней (по сравнению с 2018 годом) | E50: ='Приложение 1 (ОТЧЕТНЫЙ ПЕРИОД)'!E122 -> 0 | F50: ='Приложение 1 (ОТЧЕТНЫЙ ПЕРИОД)'!F122 -> 0 | G50: ='Приложение 1 (ОТЧЕТНЫЙ ПЕРИОД)'!G122 -> 0 | H50: ='Приложение 1 (ОТЧЕТНЫЙ ПЕРИОД)'!H122 -> 0 | I50: ='Приложение 1 (ОТЧЕТНЫЙ ПЕРИОД)'!I122 -> 0 | K50: ='Приложение 1 (ОТЧЕТНЫЙ ПЕРИОД)'!K122 -> 0 | L50: ='Приложение 1 (ОТЧЕТНЫЙ ПЕРИОД)'!L122 -> 0 | M50: ='Приложение 1 (ОТЧЕТНЫЙ ПЕРИОД)'!M122 -> 0 | N50: ='Приложение 1 (ОТЧЕТНЫЙ ПЕРИОД)'!N122 -> 0
B51: городской округ (муниципальный р-н) | E51: ='Приложение 1 (ОТЧЕТНЫЙ ПЕРИОД)'!E123 -> указаьть плановое значение 2019 года по показателю | F51: ='Приложение 1 (ОТЧЕТНЫЙ ПЕРИОД)'!F123 -> 0 | G51: ='Приложение 1 (ОТЧЕТНЫЙ ПЕРИОД)'!G123 -> 0 | H51: ='Приложение 1 (ОТЧЕТНЫЙ ПЕРИОД)'!H123 -> 0 | I51: ='Приложение 1 (ОТЧЕТНЫЙ ПЕРИОД)'!I123 -> 0 | K51: ='Приложение 1 (ОТЧЕТНЫЙ ПЕРИОД)'!K123 -> 0 | L51: ='Приложение 1 (ОТЧЕТНЫЙ ПЕРИОД)'!L123 -> 0 | M51: ='Приложение 1 (ОТЧЕТНЫЙ ПЕРИОД)'!M123 -> 0 | N51: ='Приложение 1 (ОТЧЕТНЫЙ ПЕРИОД)'!N123 -> 0
A52: 2 | B52: Число граждан в возрасте 21 год и старше, прошедших в 2019 году диспансеризацию (1 эт.) | E52: ='Приложение 1 (ОТЧЕТНЫЙ ПЕРИОД)'!E124 -> 0 | F52: ='Приложение 1 (ОТЧЕТНЫЙ ПЕРИОД)'!F124 -> 0 | G52: ='Приложение 1 (ОТЧЕТНЫЙ ПЕРИОД)'!G124 -> 0 | H52: ='Приложение 1 (ОТЧЕТНЫЙ ПЕРИОД)'!H124 -> 0 | I52: ='Приложение 1 (ОТЧЕТНЫЙ ПЕРИОД)'!I124 -> 0 | K52: ='Приложение 1 (ОТЧЕТНЫЙ ПЕРИОД)'!K124 -> 0 | L52: ='Приложение 1 (ОТЧЕТНЫЙ ПЕРИОД)'!L124 -> 0 | M52: ='Приложение 1 (ОТЧЕТНЫЙ ПЕРИОД)'!M124 -> 0 | N52: ='Приложение 1 (ОТЧЕТНЫЙ ПЕРИОД)'!N124 -> 0
B53: городской округ (муниципальный р-н) | E53: ='Приложение 1 (ОТЧЕТНЫЙ ПЕРИОД)'!E125 -> указаьть плановое значение 2019 года по показателю | F53: ='Приложение 1 (ОТЧЕТНЫЙ ПЕРИОД)'!F125 -> 0 | G53: ='Приложение 1 (ОТЧЕТНЫЙ ПЕРИОД)'!G125 -> 0 | H53: ='Приложение 1 (ОТЧЕТНЫЙ ПЕРИОД)'!H125 -> 0 | I53: ='Приложение 1 (ОТЧЕТНЫЙ ПЕРИОД)'!I125 -> 0 | K53: ='Приложение 1 (ОТЧЕТНЫЙ ПЕРИОД)'!K125 -> 0 | L53: ='Приложение 1 (ОТЧЕТНЫЙ ПЕРИОД)'!L125 -> 0 | M53: ='Приложение 1 (ОТЧЕТНЫЙ ПЕРИОД)'!M125 -> 0 | N53: ='Приложение 1 (ОТЧЕТНЫЙ ПЕРИОД)'!N125 -> 0
A54: 3 | B54: Количество дополнительно трудоустроившихся в 2019 году специалистов (по сравнению с 2018 годом) - врачей | E54: ='Приложение 1 (ОТЧЕТНЫЙ ПЕРИОД)'!E126 -> 0 | F54: ='Приложение 1 (ОТЧЕТНЫЙ ПЕРИОД)'!F126 -> 0 | G54: ='Приложение 1 (ОТЧЕТНЫЙ ПЕРИОД)'!G126 -> 0 | H54: ='Приложение 1 (ОТЧЕТНЫЙ ПЕРИОД)'!H126 -> 0 | I54: ='Приложение 1 (ОТЧЕТНЫЙ ПЕРИОД)'!I126 -> 0 | K54: ='Приложение 1 (ОТЧЕТНЫЙ ПЕРИОД)'!K126 -> 0 | L54: ='Приложение 1 (ОТЧЕТНЫЙ ПЕРИОД)'!L126 -> 0 | M54: ='Приложение 1 (ОТЧЕТНЫЙ ПЕРИОД)'!M126 -> 0 | N54: ='Приложение 1 (ОТЧЕТНЫЙ ПЕРИОД)'!N126 -> 0
B55: городской округ (муниципальный р-н) | E55: ='Приложение 1 (ОТЧЕТНЫЙ ПЕРИОД)'!E127 -> указаьть плановое значение 2019 года по показателю | F55: ='Приложение 1 (ОТЧЕТНЫЙ ПЕРИОД)'!F127 -> 0 | G55: ='Приложение 1 (ОТЧЕТНЫЙ ПЕРИОД)'!G127 -> 0 | H55: ='Приложение 1 (ОТЧЕТНЫЙ ПЕРИОД)'!H127 -> 0 | I55: ='Приложение 1 (ОТЧЕТНЫЙ ПЕРИОД)'!I127 -> 0 | K55: ='Приложение 1 (ОТЧЕТНЫЙ ПЕРИОД)'!K127 -> 0 | L55: ='Приложение 1 (ОТЧЕТНЫЙ ПЕРИОД)'!L127 -> 0 | M55: ='Приложение 1 (ОТЧЕТНЫЙ ПЕРИОД)'!M127 -> 0 | N55: ='Приложение 1 (ОТЧЕТНЫЙ ПЕРИОД)'!N127 -> 0
A56: 4 | B56: Количество дополнительно трудоустроившихся в 2019 году специалистов (по сравнению с 2018 годом) - средних медработников | E56: ='Приложение 1 (ОТЧЕТНЫЙ ПЕРИОД)'!E128 -> 0 | F56: ='Приложение 1 (ОТЧЕТНЫЙ ПЕРИОД)'!F128 -> 0 | G56: ='Приложение 1 (ОТЧЕТНЫЙ ПЕРИОД)'!G128 -> 0 | H56: ='Приложение 1 (ОТЧЕТНЫЙ ПЕРИОД)'!H128 -> 0 | I56: ='Приложение 1 (ОТЧЕТНЫЙ ПЕРИОД)'!I128 -> 0 | K56: ='Приложение 1 (ОТЧЕТНЫЙ ПЕРИОД)'!K128 -> 0 | L56: ='Приложение 1 (ОТЧЕТНЫЙ ПЕРИОД)'!L128 -> 0 | M56: ='Приложение 1 (ОТЧЕТНЫЙ ПЕРИОД)'!M128 -> 0 | N56: ='Приложение 1 (ОТЧЕТНЫЙ ПЕРИОД)'!N128 -> 0
B57: городской округ (муниципальный р-н) | E57: ='Приложение 1 (ОТЧЕТНЫЙ ПЕРИОД)'!E129 -> указаьть плановое значение 2019 года по показателю | F57: ='Приложение 1 (ОТЧЕТНЫЙ ПЕРИОД)'!F129 -> 0 | G57: ='Приложение 1 (ОТЧЕТНЫЙ ПЕРИОД)'!G129 -> 0 | H57: ='Приложение 1 (ОТЧЕТНЫЙ ПЕРИОД)'!H129 -> 0 | I57: ='Приложение 1 (ОТЧЕТНЫЙ ПЕРИОД)'!I129 -> 0 | K57: ='Приложение 1 (ОТЧЕТНЫЙ ПЕРИОД)'!K129 -> 0 | L57: ='Приложение 1 (ОТЧЕТНЫЙ ПЕРИОД)'!L129 -> 0 | M57: ='Приложение 1 (ОТЧЕТНЫЙ ПЕРИОД)'!M129 -> 0 | N57: ='Приложение 1 (ОТЧЕТНЫЙ ПЕРИОД)'!N129 -> 0
E60: III. | F60: ОБРАЗОВАНИЕ
A61: =E60 -> III. | B61: Итого по национальному проекту | D61: Всего | E61: ='Приложение 1 (ОТЧЕТНЫЙ ПЕРИОД)'!E391 -> 38.335 | F61: ='Приложение 1 (ОТЧЕТНЫЙ ПЕРИОД)'!F391 -> 38.335 | G61: ='Приложение 1 (ОТЧЕТНЫЙ ПЕРИОД)'!G391 -> 33.875 | H61: ='Приложение 1 (ОТЧЕТНЫЙ ПЕРИОД)'!H391 -> 208.96 | I61: ='Приложение 1 (ОТЧЕТНЫЙ ПЕРИОД)'!I391 -> 234.55 | K61: ='Приложение 1 (ОТЧЕТНЫЙ ПЕРИОД)'!K391 -> 41.22 | L61: ='Приложение 1 (ОТЧЕТНЫЙ ПЕРИОД)'!L391 -> 25.37 | M61: ='Приложение 1 (ОТЧЕТНЫЙ ПЕРИОД)'!M391 -> 29.67 | N61: ='Приложение 1 (ОТЧЕТНЫЙ ПЕРИОД)'!N391 -> 578.105 | R61: =B62 -> ОБРАЗОВАНИЕ | S61: =D61 -> Всего | T61: =E61 -> 38.335 | U61: =F61 -> 38.335 | V61: =G61 -> 33.875 | W61: =F61/E61% -> 100 | X61: =G61/F61% -> 88.365723
B62: =F60 -> ОБРАЗОВАНИЕ | D62: федер. бюджет | E62: ='Приложение 1 (ОТЧЕТНЫЙ ПЕРИОД)'!E392 -> 0 | F62: ='Приложение 1 (ОТЧЕТНЫЙ ПЕРИОД)'!F392 -> 0 | G62: ='Приложение 1 (ОТЧЕТНЫЙ ПЕРИОД)'!G392 -> 0 | H62: ='Приложение 1 (ОТЧЕТНЫЙ ПЕРИОД)'!H392 -> 168.3 | I62: ='Приложение 1 (ОТЧЕТНЫЙ ПЕРИОД)'!I392 -> 198 | K62: ='Приложение 1 (ОТЧЕТНЫЙ ПЕРИОД)'!K392 -> 0 | L62: ='Приложение 1 (ОТЧЕТНЫЙ ПЕРИОД)'!L392 -> 0 | M62: ='Приложение 1 (ОТЧЕТНЫЙ ПЕРИОД)'!M392 -> 0 | N62: ='Приложение 1 (ОТЧЕТНЫЙ ПЕРИОД)'!N392 -> 366.3
D63: краевой бюджет | E63: ='Приложение 1 (ОТЧЕТНЫЙ ПЕРИОД)'!E393 -> 35.272 | F63: ='Приложение 1 (ОТЧЕТНЫЙ ПЕРИОД)'!F393 -> 35.272 | G63: ='Приложение 1 (ОТЧЕТНЫЙ ПЕРИОД)'!G393 -> 30.297 | H63: ='Приложение 1 (ОТЧЕТНЫЙ ПЕРИОД)'!H393 -> 37.33 | I63: ='Приложение 1 (ОТЧЕТНЫЙ ПЕРИОД)'!I393 -> 25.84 | K63: ='Приложение 1 (ОТЧЕТНЫЙ ПЕРИОД)'!K393 -> 38.55 | L63: ='Приложение 1 (ОТЧЕТНЫЙ ПЕРИОД)'!L393 -> 22.73 | M63: ='Приложение 1 (ОТЧЕТНЫЙ ПЕРИОД)'!M393 -> 26.9 | N63: ='Приложение 1 (ОТЧЕТНЫЙ ПЕРИОД)'!N393 -> 186.622
D64: бюджет МО | E64: ='Приложение 1 (ОТЧЕТНЫЙ ПЕРИОД)'!E394 -> 3.063 | F64: ='Приложение 1 (ОТЧЕТНЫЙ ПЕРИОД)'!F394 -> 3.063 | G64: ='Приложение 1 (ОТЧЕТНЫЙ ПЕРИОД)'!G394 -> 3.578 | H64: ='Приложение 1 (ОТЧЕТНЫЙ ПЕРИОД)'!H394 -> 3.33 | I64: ='Приложение 1 (ОТЧЕТНЫЙ ПЕРИОД)'!I394 -> 10.71 | K64: ='Приложение 1 (ОТЧЕТНЫЙ ПЕРИОД)'!K394 -> 2.67 | L64: ='Приложение 1 (ОТЧЕТНЫЙ ПЕРИОД)'!L394 -> 2.64 | M64: ='Приложение 1 (ОТЧЕТНЫЙ ПЕРИОД)'!M394 -> 2.77 | N64: ='Приложение 1 (ОТЧЕТНЫЙ ПЕРИОД)'!N394 -> 25.183
D65: проверочная сторока | E65: =E62+E63+E64 -> 38.335 | F65: =F62+F63+F64 -> 38.335 | G65: =G62+G63+G64 -> 33.875 | H65: =H62+H63+H64 -> 208.96 | I65: =I62+I63+I64 -> 234.55 | K65: =K62+K63+K64 -> 41.22 | L65: =L62+L63+L64 -> 25.37 | M65: =M62+M63+M64 -> 29.67 | N65: =N62+N63+N64 -> 578.105 | P65: =SUM(E65:O65) -> 1228.42
D66: проверочная сторока | E66: =E65-E61 -> 0 | F66: =F65-F61 -> 0 | G66: =G65-G61 -> 0 | H66: =H65-H61 -> 0 | I66: =I65-I61 -> 0 | K66: =K65-K61 -> 0 | L66: =L65-L61 -> 0 | M66: =M65-M61 -> 0 | N66: =N65-N61 -> 0 | P66: =SUM(E66:O66) -> 0
E67: IV. | F67: ЖИЛЬЕ И ГОРОДСКАЯ СРЕДА
A68: =E67 -> IV. | B68: Итого по национальному проекту | D68: Всего | E68: ='Приложение 1 (ОТЧЕТНЫЙ ПЕРИОД)'!E428 -> 41.767 | F68: ='Приложение 1 (ОТЧЕТНЫЙ ПЕРИОД)'!F428 -> 41.767 | G68: ='Приложение 1 (ОТЧЕТНЫЙ ПЕРИОД)'!G428 -> 41.767 | H68: ='Приложение 1 (ОТЧЕТНЫЙ ПЕРИОД)'!H428 -> 78.176 | I68: ='Приложение 1 (ОТЧЕТНЫЙ ПЕРИОД)'!I428 -> 64.08 | K68: ='Приложение 1 (ОТЧЕТНЫЙ ПЕРИОД)'!K428 -> 0 | L68: ='Приложение 1 (ОТЧЕТНЫЙ ПЕРИОД)'!L428 -> 0 | M68: ='Приложение 1 (ОТЧЕТНЫЙ ПЕРИОД)'!M428 -> 0 | N68: ='Приложение 1 (ОТЧЕТНЫЙ ПЕРИОД)'!N428 -> 184.023 | R68: =B69 -> ЖИЛЬЕ И ГОРОДСКАЯ СРЕДА | S68: =D68 -> Всего | T68: =E68 -> 41.767 | U68: =F68 -> 41.767 | V68: =G68 -> 41.767 | W68: =F68/E68% -> 100 | X68: =G68/F68% -> 100
B69: =F67 -> ЖИЛЬЕ И ГОРОДСКАЯ СРЕДА | D69: федер. бюджет | E69: ='Приложение 1 (ОТЧЕТНЫЙ ПЕРИОД)'!E429 -> 17.03 | F69: ='Приложение 1 (ОТЧЕТНЫЙ ПЕРИОД)'!F429 -> 17.03 | G69: ='Приложение 1 (ОТЧЕТНЫЙ ПЕРИОД)'!G429 -> 17.03 | H69: ='Приложение 1 (ОТЧЕТНЫЙ ПЕРИОД)'!H429 -> 61.296 | I69: ='Приложение 1 (ОТЧЕТНЫЙ ПЕРИОД)'!I429 -> 51.16 | K69: ='Приложение 1 (ОТЧЕТНЫЙ ПЕРИОД)'!K429 -> 0 | L69: ='Приложение 1 (ОТЧЕТНЫЙ ПЕРИОД)'!L429 -> 0 | M69: ='Приложение 1 (ОТЧЕТНЫЙ ПЕРИОД)'!M429 -> 0 | N69: ='Приложение 1 (ОТЧЕТНЫЙ ПЕРИОД)'!N429 -> 129.486
D70: краевой бюджет | E70: ='Приложение 1 (ОТЧЕТНЫЙ ПЕРИОД)'!E430 -> 23 | F70: ='Приложение 1 (ОТЧЕТНЫЙ ПЕРИОД)'!F430 -> 23 | G70: ='Приложение 1 (ОТЧЕТНЫЙ ПЕРИОД)'!G430 -> 23 | H70: ='Приложение 1 (ОТЧЕТНЫЙ ПЕРИОД)'!H430 -> 14.86 | I70: ='Приложение 1 (ОТЧЕТНЫЙ ПЕРИОД)'!I430 -> 12.54 | K70: ='Приложение 1 (ОТЧЕТНЫЙ ПЕРИОД)'!K430 -> 0 | L70: ='Приложение 1 (ОТЧЕТНЫЙ ПЕРИОД)'!L430 -> 0 | M70: ='Приложение 1 (ОТЧЕТНЫЙ ПЕРИОД)'!M430 -> 0 | N70: ='Приложение 1 (ОТЧЕТНЫЙ ПЕРИОД)'!N430 -> 50.4
D71: бюджет МО | E71: ='Приложение 1 (ОТЧЕТНЫЙ ПЕРИОД)'!E431 -> 1.737 | F71: ='Приложение 1 (ОТЧЕТНЫЙ ПЕРИОД)'!F431 -> 1.737 | G71: ='Приложение 1 (ОТЧЕТНЫЙ ПЕРИОД)'!G431 -> 1.737 | H71: ='Приложение 1 (ОТЧЕТНЫЙ ПЕРИОД)'!H431 -> 2.02 | I71: ='Приложение 1 (ОТЧЕТНЫЙ ПЕРИОД)'!I431 -> 0.38 | K71: ='Приложение 1 (ОТЧЕТНЫЙ ПЕРИОД)'!K431 -> 0 | L71: ='Приложение 1 (ОТЧЕТНЫЙ ПЕРИОД)'!L431 -> 0 | M71: ='Приложение 1 (ОТЧЕТНЫЙ ПЕРИОД)'!M431 -> 0 | N71: ='Приложение 1 (ОТЧЕТНЫЙ ПЕРИОД)'!N431 -> 4.137
D72: проверочная сторока | E72: =E69+E70+E71 -> 41.767 | F72: =F69+F70+F71 -> 41.767 | G72: =G69+G70+G71 -> 41.767 | H72: =H69+H70+H71 -> 78.176 | I72: =I69+I70+I71 -> 64.08 | K72: =K69+K70+K71 -> 0 | L72: =L69+L70+L71 -> 0 | M72: =M69+M70+M71 -> 0 | N72: =N69+N70+N71 -> 184.023 | P72: =SUM(E72:O72) -> 451.58
D73: проверочная сторока | E73: =E72-E68 -> 0 | F73: =F72-F68 -> 0 | G73: =G72-G68 -> 0 | H73: =H72-H68 -> 0 | I73: =I72-I68 -> 0 | K73: =K72-K68 -> 0 | L73: =L72-L68 -> 0 | M73: =M72-M68 -> 0 | N73: =N72-N68 -> 0 | P73: =SUM(E73:O73) -> 0
E74: V. | F74: ЭКОЛОГИЯ
A75: =E74 -> V. | B75: Итого по национальному проекту | D75: Всего | E75: ='Приложение 1 (ОТЧЕТНЫЙ ПЕРИОД)'!E469 -> 33.71 | F75: ='Приложение 1 (ОТЧЕТНЫЙ ПЕРИОД)'!F469 -> 33.71 | G75: ='Приложение 1 (ОТЧЕТНЫЙ ПЕРИОД)'!G469 -> 33.71 | H75: ='Приложение 1 (ОТЧЕТНЫЙ ПЕРИОД)'!H469 -> 106 | I75: ='Приложение 1 (ОТЧЕТНЫЙ ПЕРИОД)'!I469 -> 54.5 | K75: ='Приложение 1 (ОТЧЕТНЫЙ ПЕРИОД)'!K469 -> 84.5 | L75: ='Приложение 1 (ОТЧЕТНЫЙ ПЕРИОД)'!L469 -> 30 | M75: ='Приложение 1 (ОТЧЕТНЫЙ ПЕРИОД)'!M469 -> 10 | N75: ='Приложение 1 (ОТЧЕТНЫЙ ПЕРИОД)'!N469 -> 318.71 | R75: =B76 -> ЭКОЛОГИЯ | S75: =D75 -> Всего | T75: =E75 -> 33.71 | U75: =F75 -> 33.71 | V75: =G75 -> 33.71 | W75: =F75/E75% -> 100 | X75: =G75/F75% -> 100
B76: =F74 -> ЭКОЛОГИЯ | D76: федер. бюджет | E76: ='Приложение 1 (ОТЧЕТНЫЙ ПЕРИОД)'!E470 -> 0 | F76: ='Приложение 1 (ОТЧЕТНЫЙ ПЕРИОД)'!F470 -> 0 | G76: ='Приложение 1 (ОТЧЕТНЫЙ ПЕРИОД)'!G470 -> 0 | H76: ='Приложение 1 (ОТЧЕТНЫЙ ПЕРИОД)'!H470 -> 45.5 | I76: ='Приложение 1 (ОТЧЕТНЫЙ ПЕРИОД)'!I470 -> 0 | K76: ='Приложение 1 (ОТЧЕТНЫЙ ПЕРИОД)'!K470 -> 0 | L76: ='Приложение 1 (ОТЧЕТНЫЙ ПЕРИОД)'!L470 -> 0 | M76: ='Приложение 1 (ОТЧЕТНЫЙ ПЕРИОД)'!M470 -> 0 | N76: ='Приложение 1 (ОТЧЕТНЫЙ ПЕРИОД)'!N470 -> 45.5
D77: краевой бюджет | E77: ='Приложение 1 (ОТЧЕТНЫЙ ПЕРИОД)'!E471 -> 31.95 | F77: ='Приложение 1 (ОТЧЕТНЫЙ ПЕРИОД)'!F471 -> 31.95 | G77: ='Приложение 1 (ОТЧЕТНЫЙ ПЕРИОД)'!G471 -> 31.95 | H77: ='Приложение 1 (ОТЧЕТНЫЙ ПЕРИОД)'!H471 -> 59.9 | I77: ='Приложение 1 (ОТЧЕТНЫЙ ПЕРИОД)'!I471 -> 53.95 | K77: ='Приложение 1 (ОТЧЕТНЫЙ ПЕРИОД)'!K471 -> 53.95 | L77: ='Приложение 1 (ОТЧЕТНЫЙ ПЕРИОД)'!L471 -> 0 | M77: ='Приложение 1 (ОТЧЕТНЫЙ ПЕРИОД)'!M471 -> 0 | N77: ='Приложение 1 (ОТЧЕТНЫЙ ПЕРИОД)'!N471 -> 199.75
D78: бюджет МО | E78: ='Приложение 1 (ОТЧЕТНЫЙ ПЕРИОД)'!E472 -> 1.76 | F78: ='Приложение 1 (ОТЧЕТНЫЙ ПЕРИОД)'!F472 -> 1.76 | G78: ='Приложение 1 (ОТЧЕТНЫЙ ПЕРИОД)'!G472 -> 1.76 | H78: ='Приложение 1 (ОТЧЕТНЫЙ ПЕРИОД)'!H472 -> 0.6 | I78: ='Приложение 1 (ОТЧЕТНЫЙ ПЕРИОД)'!I472 -> 0.55 | K78: ='Приложение 1 (ОТЧЕТНЫЙ ПЕРИОД)'!K472 -> 30.55 | L78: ='Приложение 1 (ОТЧЕТНЫЙ ПЕРИОД)'!L472 -> 30 | M78: ='Приложение 1 (ОТЧЕТНЫЙ ПЕРИОД)'!M472 -> 10 | N78: ='Приложение 1 (ОТЧЕТНЫЙ ПЕРИОД)'!N472 -> 73.46
D79: проверочная сторока | E79: =E76+E77+E78 -> 33.71 | F79: =F76+F77+F78 -> 33.71 | G79: =G76+G77+G78 -> 33.71 | H79: =H76+H77+H78 -> 106 | I79: =I76+I77+I78 -> 54.5 | K79: =K76+K77+K78 -> 84.5 | L79: =L76+L77+L78 -> 30 | M79: =M76+M77+M78 -> 10 | N79: =N76+N77+N78 -> 318.71 | P79: =SUM(E79:O79) -> 704.84
D80: проверочная сторока | E80: =E79-E75 -> 0 | F80: =F79-F75 -> 0 | G80: =G79-G75 -> 0 | H80: =H79-H75 -> 0 | I80: =I79-I75 -> 0 | K80: =K79-K75 -> 0 | L80: =L79-L75 -> 0 | M80: =M79-M75 -> 0 | N80: =N79-N75 -> 0 | P80: =SUM(E80:O80) -> 0
E81: VI. | F81: БЕЗОПАСНЫЕ И КАЧЕСТВЕННЫЕ АВТОМОБИЛЬНЫЕ ДОРОГИ
A82: =E81 -> VI. | B82: Итого по национальному проекту | D82: Всего | E82: ='Приложение 1 (ОТЧЕТНЫЙ ПЕРИОД)'!E518 -> 6.25 | F82: ='Приложение 1 (ОТЧЕТНЫЙ ПЕРИОД)'!F518 -> 6.25 | G82: ='Приложение 1 (ОТЧЕТНЫЙ ПЕРИОД)'!G518 -> 0 | H82: ='Приложение 1 (ОТЧЕТНЫЙ ПЕРИОД)'!H518 -> 121.75 | I82: ='Приложение 1 (ОТЧЕТНЫЙ ПЕРИОД)'!I518 -> 10.47 | K82: ='Приложение 1 (ОТЧЕТНЫЙ ПЕРИОД)'!K518 -> 2 | L82: ='Приложение 1 (ОТЧЕТНЫЙ ПЕРИОД)'!L518 -> 6.8 | M82: ='Приложение 1 (ОТЧЕТНЫЙ ПЕРИОД)'!M518 -> 7.64 | N82: ='Приложение 1 (ОТЧЕТНЫЙ ПЕРИОД)'!N518 -> 154.91 | R82: =B83 -> БЕЗОПАСНЫЕ И КАЧЕСТВЕННЫЕ АВТОМОБИЛЬНЫЕ ДОРОГИ | S82: =D82 -> Всего | T82: =E82 -> 6.25 | U82: =F82 -> 6.25 | V82: =G82 -> 0 | W82: =F82/E82% -> 100 | X82: =G82/F82% -> 0
B83: =F81 -> БЕЗОПАСНЫЕ И КАЧЕСТВЕННЫЕ АВТОМОБИЛЬНЫЕ ДОРОГИ | D83: федер. бюджет | E83: ='Приложение 1 (ОТЧЕТНЫЙ ПЕРИОД)'!E519 -> 0 | F83: ='Приложение 1 (ОТЧЕТНЫЙ ПЕРИОД)'!F519 -> 0 | G83: ='Приложение 1 (ОТЧЕТНЫЙ ПЕРИОД)'!G519 -> 0 | H83: ='Приложение 1 (ОТЧЕТНЫЙ ПЕРИОД)'!H519 -> 0 | I83: ='Приложение 1 (ОТЧЕТНЫЙ ПЕРИОД)'!I519 -> 0 | K83: ='Приложение 1 (ОТЧЕТНЫЙ ПЕРИОД)'!K519 -> 0 | L83: ='Приложение 1 (ОТЧЕТНЫЙ ПЕРИОД)'!L519 -> 0 | M83: ='Приложение 1 (ОТЧЕТНЫЙ ПЕРИОД)'!M519 -> 0 | N83: ='Приложение 1 (ОТЧЕТНЫЙ ПЕРИОД)'!N519 -> 0
D84: краевой бюджет | E84: ='Приложение 1 (ОТЧЕТНЫЙ ПЕРИОД)'!E520 -> 5 | F84: ='Приложение 1 (ОТЧЕТНЫЙ ПЕРИОД)'!F520 -> 5 | G84: ='Приложение 1 (ОТЧЕТНЫЙ ПЕРИОД)'!G520 -> 0 | H84: ='Приложение 1 (ОТЧЕТНЫЙ ПЕРИОД)'!H520 -> 118.71 | I84: ='Приложение 1 (ОТЧЕТНЫЙ ПЕРИОД)'!I520 -> 10.36 | K84: ='Приложение 1 (ОТЧЕТНЫЙ ПЕРИОД)'!K520 -> 1.98 | L84: ='Приложение 1 (ОТЧЕТНЫЙ ПЕРИОД)'!L520 -> 6.73 | M84: ='Приложение 1 (ОТЧЕТНЫЙ ПЕРИОД)'!M520 -> 7.56 | N84: ='Приложение 1 (ОТЧЕТНЫЙ ПЕРИОД)'!N520 -> 150.34
D85: бюджет МО | E85: ='Приложение 1 (ОТЧЕТНЫЙ ПЕРИОД)'!E521 -> 1.25 | F85: ='Приложение 1 (ОТЧЕТНЫЙ ПЕРИОД)'!F521 -> 1.25 | G85: ='Приложение 1 (ОТЧЕТНЫЙ ПЕРИОД)'!G521 -> 0 | H85: ='Приложение 1 (ОТЧЕТНЫЙ ПЕРИОД)'!H521 -> 3.04 | I85: ='Приложение 1 (ОТЧЕТНЫЙ ПЕРИОД)'!I521 -> 0.11 | K85: ='Приложение 1 (ОТЧЕТНЫЙ ПЕРИОД)'!K521 -> 0.02 | L85: ='Приложение 1 (ОТЧЕТНЫЙ ПЕРИОД)'!L521 -> 0.07 | M85: ='Приложение 1 (ОТЧЕТНЫЙ ПЕРИОД)'!M521 -> 0.08 | N85: ='Приложение 1 (ОТЧЕТНЫЙ ПЕРИОД)'!N521 -> 4.57
D86: проверочная сторока | E86: =E83+E84+E85 -> 6.25 | F86: =F83+F84+F85 -> 6.25 | G86: =G83+G84+G85 -> 0 | H86: =H83+H84+H85 -> 121.75 | I86: =I83+I84+I85 -> 10.47 | K86: =K83+K84+K85 -> 2 | L86: =L83+L84+L85 -> 6.8 | M86: =M83+M84+M85 -> 7.64 | N86: =N83+N84+N85 -> 154.91 | P86: =SUM(E86:O86) -> 316.07
D87: проверочная сторока | E87: =E86-E82 -> 0 | F87: =F86-F82 -> 0 | G87: =G86-G82 -> 0 | H87: =H86-H82 -> 0 | I87: =I86-I82 -> 0 | K87: =K86-K82 -> 0 | L87: =L86-L82 -> 0 | M87: =M86-M82 -> 0 | N87: =N86-N82 -> 0 | P87: =SUM(E87:O87) -> 0
E88: VII. | F88: ПРОИЗВОДИТЕЛЬНОСТЬ ТРУДА
A89: =E88 -> VII. | B89: Итого по национальному проекту | D89: Всего | E89: ='Приложение 1 (ОТЧЕТНЫЙ ПЕРИОД)'!E547 -> 0 | F89: ='Приложение 1 (ОТЧЕТНЫЙ ПЕРИОД)'!F547 -> 0 | G89: ='Приложение 1 (ОТЧЕТНЫЙ ПЕРИОД)'!G547 -> 0 | H89: ='Приложение 1 (ОТЧЕТНЫЙ ПЕРИОД)'!H547 -> 0 | I89: ='Приложение 1 (ОТЧЕТНЫЙ ПЕРИОД)'!I547 -> 0 | K89: ='Приложение 1 (ОТЧЕТНЫЙ ПЕРИОД)'!K547 -> 0 | L89: ='Приложение 1 (ОТЧЕТНЫЙ ПЕРИОД)'!L547 -> 0 | M89: ='Приложение 1 (ОТЧЕТНЫЙ ПЕРИОД)'!M547 -> 0 | N89: ='Приложение 1 (ОТЧЕТНЫЙ ПЕРИОД)'!N547 -> 0 | R89: =B90 -> ПРОИЗВОДИТЕЛЬНОСТЬ ТРУДА | S89: =D89 -> Всего | T89: =E89 -> 0 | U89: =F89 -> 0 | V89: =G89 -> 0 | W89: =F89/E89% -> #DIV/0! | X89: =G89/F89% -> #DIV/0!
B90: =F88 -> ПРОИЗВОДИТЕЛЬНОСТЬ ТРУДА | D90: федер. бюджет | E90: ='Приложение 1 (ОТЧЕТНЫЙ ПЕРИОД)'!E548 -> 0 | F90: ='Приложение 1 (ОТЧЕТНЫЙ ПЕРИОД)'!F548 -> 0 | G90: ='Приложение 1 (ОТЧЕТНЫЙ ПЕРИОД)'!G548 -> 0 | H90: ='Приложение 1 (ОТЧЕТНЫЙ ПЕРИОД)'!H548 -> 0 | I90: ='Приложение 1 (ОТЧЕТНЫЙ ПЕРИОД)'!I548 -> 0 | K90: ='Приложение 1 (ОТЧЕТНЫЙ ПЕРИОД)'!K548 -> 0 | L90: ='Приложение 1 (ОТЧЕТНЫЙ ПЕРИОД)'!L548 -> 0 | M90: ='Приложение 1 (ОТЧЕТНЫЙ ПЕРИОД)'!M548 -> 0 | N90: ='Приложение 1 (ОТЧЕТНЫЙ ПЕРИОД)'!N548 -> 0
D91: краевой бюджет | E91: ='Приложение 1 (ОТЧЕТНЫЙ ПЕРИОД)'!E549 -> 0 | F91: ='Приложение 1 (ОТЧЕТНЫЙ ПЕРИОД)'!F549 -> 0 | G91: ='Приложение 1 (ОТЧЕТНЫЙ ПЕРИОД)'!G549 -> 0 | H91: ='Приложение 1 (ОТЧЕТНЫЙ ПЕРИОД)'!H549 -> 0 | I91: ='Приложение 1 (ОТЧЕТНЫЙ ПЕРИОД)'!I549 -> 0 | K91: ='Приложение 1 (ОТЧЕТНЫЙ ПЕРИОД)'!K549 -> 0 | L91: ='Приложение 1 (ОТЧЕТНЫЙ ПЕРИОД)'!L549 -> 0 | M91: ='Приложение 1 (ОТЧЕТНЫЙ ПЕРИОД)'!M549 -> 0 | N91: ='Приложение 1 (ОТЧЕТНЫЙ ПЕРИОД)'!N549 -> 0
D92: бюджет МО | E92: ='Приложение 1 (ОТЧЕТНЫЙ ПЕРИОД)'!E550 -> 0 | F92: ='Приложение 1 (ОТЧЕТНЫЙ ПЕРИОД)'!F550 -> 0 | G92: ='Приложение 1 (ОТЧЕТНЫЙ ПЕРИОД)'!G550 -> 0 | H92: ='Приложение 1 (ОТЧЕТНЫЙ ПЕРИОД)'!H550 -> 0 | I92: ='Приложение 1 (ОТЧЕТНЫЙ ПЕРИОД)'!I550 -> 0 | K92: ='Приложение 1 (ОТЧЕТНЫЙ ПЕРИОД)'!K550 -> 0 | L92: ='Приложение 1 (ОТЧЕТНЫЙ ПЕРИОД)'!L550 -> 0 | M92: ='Приложение 1 (ОТЧЕТНЫЙ ПЕРИОД)'!M550 -> 0 | N92: ='Приложение 1 (ОТЧЕТНЫЙ ПЕРИОД)'!N550 -> 0
D93: проверочная сторока | E93: =E90+E91+E92 -> 0 | F93: =F90+F91+F92 -> 0 | G93: =G90+G91+G92 -> 0 | H93: =H90+H91+H92 -> 0 | I93: =I90+I91+I92 -> 0 | K93: =K90+K91+K92 -> 0 | L93: =L90+L91+L92 -> 0 | M93: =M90+M91+M92 -> 0 | N93: =N90+N91+N92 -> 0 | P93: =SUM(E93:O93) -> 0
D94: проверочная сторока | E94: =E93-E89 -> 0 | F94: =F93-F89 -> 0 | G94: =G93-G89 -> 0 | H94: =H93-H89 -> 0 | I94: =I93-I89 -> 0 | K94: =K93-K89 -> 0 | L94: =L93-L89 -> 0 | M94: =M93-M89 -> 0 | N94: =N93-N89 -> 0 | P94: =SUM(E94:O94) -> 0
E95: VIII. | F95: НАУКА
A96: =E95 -> VIII. | B96: Итого по национальному проекту | D96: Всего | E96: ='Приложение 1 (ОТЧЕТНЫЙ ПЕРИОД)'!E576 -> 0 | F96: ='Приложение 1 (ОТЧЕТНЫЙ ПЕРИОД)'!F576 -> 0 | G96: ='Приложение 1 (ОТЧЕТНЫЙ ПЕРИОД)'!G576 -> 0 | H96: ='Приложение 1 (ОТЧЕТНЫЙ ПЕРИОД)'!H576 -> 0 | I96: ='Приложение 1 (ОТЧЕТНЫЙ ПЕРИОД)'!I576 -> 0 | K96: ='Приложение 1 (ОТЧЕТНЫЙ ПЕРИОД)'!K576 -> 0 | L96: ='Приложение 1 (ОТЧЕТНЫЙ ПЕРИОД)'!L576 -> 0 | M96: ='Приложение 1 (ОТЧЕТНЫЙ ПЕРИОД)'!M576 -> 0 | N96: ='Приложение 1 (ОТЧЕТНЫЙ ПЕРИОД)'!N576 -> 0 | R96: =B97 -> НАУКА | S96: =D96 -> Всего | T96: =E96 -> 0 | U96: =F96 -> 0 | V96: =G96 -> 0 | W96: =F96/E96% -> #DIV/0! | X96: =G96/F96% -> #DIV/0!
B97: =F95 -> НАУКА | D97: федер. бюджет | E97: ='Приложение 1 (ОТЧЕТНЫЙ ПЕРИОД)'!E577 -> 0 | F97: ='Приложение 1 (ОТЧЕТНЫЙ ПЕРИОД)'!F577 -> 0 | G97: ='Приложение 1 (ОТЧЕТНЫЙ ПЕРИОД)'!G577 -> 0 | H97: ='Приложение 1 (ОТЧЕТНЫЙ ПЕРИОД)'!H577 -> 0 | I97: ='Приложение 1 (ОТЧЕТНЫЙ ПЕРИОД)'!I577 -> 0 | K97: ='Приложение 1 (ОТЧЕТНЫЙ ПЕРИОД)'!K577 -> 0 | L97: ='Приложение 1 (ОТЧЕТНЫЙ ПЕРИОД)'!L577 -> 0 | M97: ='Приложение 1 (ОТЧЕТНЫЙ ПЕРИОД)'!M577 -> 0 | N97: ='Приложение 1 (ОТЧЕТНЫЙ ПЕРИОД)'!N577 -> 0
D98: краевой бюджет | E98: ='Приложение 1 (ОТЧЕТНЫЙ ПЕРИОД)'!E578 -> 0 | F98: ='Приложение 1 (ОТЧЕТНЫЙ ПЕРИОД)'!F578 -> 0 | G98: ='Приложение 1 (ОТЧЕТНЫЙ ПЕРИОД)'!G578 -> 0 | H98: ='Приложение 1 (ОТЧЕТНЫЙ ПЕРИОД)'!H578 -> 0 | I98: ='Приложение 1 (ОТЧЕТНЫЙ ПЕРИОД)'!I578 -> 0 | K98: ='Приложение 1 (ОТЧЕТНЫЙ ПЕРИОД)'!K578 -> 0 | L98: ='Приложение 1 (ОТЧЕТНЫЙ ПЕРИОД)'!L578 -> 0 | M98: ='Приложение 1 (ОТЧЕТНЫЙ ПЕРИОД)'!M578 -> 0 | N98: ='Приложение 1 (ОТЧЕТНЫЙ ПЕРИОД)'!N578 -> 0
D99: бюджет МО | E99: ='Приложение 1 (ОТЧЕТНЫЙ ПЕРИОД)'!E579 -> 0 | F99: ='Приложение 1 (ОТЧЕТНЫЙ ПЕРИОД)'!F579 -> 0 | G99: ='Приложение 1 (ОТЧЕТНЫЙ ПЕРИОД)'!G579 -> 0 | H99: ='Приложение 1 (ОТЧЕТНЫЙ ПЕРИОД)'!H579 -> 0 | I99: ='Приложение 1 (ОТЧЕТНЫЙ ПЕРИОД)'!I579 -> 0 | K99: ='Приложение 1 (ОТЧЕТНЫЙ ПЕРИОД)'!K579 -> 0 | L99: ='Приложение 1 (ОТЧЕТНЫЙ ПЕРИОД)'!L579 -> 0 | M99: ='Приложение 1 (ОТЧЕТНЫЙ ПЕРИОД)'!M579 -> 0 | N99: ='Приложение 1 (ОТЧЕТНЫЙ ПЕРИОД)'!N579 -> 0
D100: проверочная сторока | E100: =E97+E98+E99 -> 0 | F100: =F97+F98+F99 -> 0 | G100: =G97+G98+G99 -> 0 | H100: =H97+H98+H99 -> 0 | I100: =I97+I98+I99 -> 0 | K100: =K97+K98+K99 -> 0 | L100: =L97+L98+L99 -> 0 | M100: =M97+M98+M99 -> 0 | N100: =N97+N98+N99 -> 0 | P100: =SUM(E100:O100) -> 0
D101: проверочная сторока | E101: =E100-E96 -> 0 | F101: =F100-F96 -> 0 | G101: =G100-G96 -> 0 | H101: =H100-H96 -> 0 | I101: =I100-I96 -> 0 | K101: =K100-K96 -> 0 | L101: =L100-L96 -> 0 | M101: =M100-M96 -> 0 | N101: =N100-N96 -> 0 | P101: =SUM(E101:O101) -> 0
E102: IX. | F102: ЦИФРОВАЯ ЭКОНОМИКА
A103: =E102 -> IX. | B103: Итого по национальному проекту | D103: Всего | E103: ='Приложение 1 (ОТЧЕТНЫЙ ПЕРИОД)'!E599 -> 1.56 | F103: ='Приложение 1 (ОТЧЕТНЫЙ ПЕРИОД)'!F599 -> 1.56 | G103: ='Приложение 1 (ОТЧЕТНЫЙ ПЕРИОД)'!G599 -> 1.56 | H103: ='Приложение 1 (ОТЧЕТНЫЙ ПЕРИОД)'!H599 -> 0.2 | I103: ='Приложение 1 (ОТЧЕТНЫЙ ПЕРИОД)'!I599 -> 0 | K103: ='Приложение 1 (ОТЧЕТНЫЙ ПЕРИОД)'!K599 -> 0 | L103: ='Приложение 1 (ОТЧЕТНЫЙ ПЕРИОД)'!L599 -> 0 | M103: ='Приложение 1 (ОТЧЕТНЫЙ ПЕРИОД)'!M599 -> 0 | N103: ='Приложение 1 (ОТЧЕТНЫЙ ПЕРИОД)'!N599 -> 1.76 | R103: =B104 -> ЦИФРОВАЯ ЭКОНОМИКА | S103: =D103 -> Всего | T103: =E103 -> 1.56 | U103: =F103 -> 1.56 | V103: =G103 -> 1.56 | W103: =F103/E103% -> 100 | X103: =G103/F103% -> 100
B104: =F102 -> ЦИФРОВАЯ ЭКОНОМИКА | D104: федер. бюджет | E104: ='Приложение 1 (ОТЧЕТНЫЙ ПЕРИОД)'!E600 -> 0 | F104: ='Приложение 1 (ОТЧЕТНЫЙ ПЕРИОД)'!F600 -> 0 | G104: ='Приложение 1 (ОТЧЕТНЫЙ ПЕРИОД)'!G600 -> 0 | H104: ='Приложение 1 (ОТЧЕТНЫЙ ПЕРИОД)'!H600 -> 0 | I104: ='Приложение 1 (ОТЧЕТНЫЙ ПЕРИОД)'!I600 -> 0 | K104: ='Приложение 1 (ОТЧЕТНЫЙ ПЕРИОД)'!K600 -> 0 | L104: ='Приложение 1 (ОТЧЕТНЫЙ ПЕРИОД)'!L600 -> 0 | M104: ='Приложение 1 (ОТЧЕТНЫЙ ПЕРИОД)'!M600 -> 0 | N104: ='Приложение 1 (ОТЧЕТНЫЙ ПЕРИОД)'!N600 -> 0
D105: краевой бюджет | E105: ='Приложение 1 (ОТЧЕТНЫЙ ПЕРИОД)'!E601 -> 0 | F105: ='Приложение 1 (ОТЧЕТНЫЙ ПЕРИОД)'!F601 -> 0 | G105: ='Приложение 1 (ОТЧЕТНЫЙ ПЕРИОД)'!G601 -> 0 | H105: ='Приложение 1 (ОТЧЕТНЫЙ ПЕРИОД)'!H601 -> 0 | I105: ='Приложение 1 (ОТЧЕТНЫЙ ПЕРИОД)'!I601 -> 0 | K105: ='Приложение 1 (ОТЧЕТНЫЙ ПЕРИОД)'!K601 -> 0 | L105: ='Приложение 1 (ОТЧЕТНЫЙ ПЕРИОД)'!L601 -> 0 | M105: ='Приложение 1 (ОТЧЕТНЫЙ ПЕРИОД)'!M601 -> 0 | N105: ='Приложение 1 (ОТЧЕТНЫЙ ПЕРИОД)'!N601 -> 0
D106: бюджет МО | E106: ='Приложение 1 (ОТЧЕТНЫЙ ПЕРИОД)'!E602 -> 1.56 | F106: ='Приложение 1 (ОТЧЕТНЫЙ ПЕРИОД)'!F602 -> 1.56 | G106: ='Приложение 1 (ОТЧЕТНЫЙ ПЕРИОД)'!G602 -> 1.56 | H106: ='Приложение 1 (ОТЧЕТНЫЙ ПЕРИОД)'!H602 -> 0.2 | I106: ='Приложение 1 (ОТЧЕТНЫЙ ПЕРИОД)'!I602 -> 0 | K106: ='Приложение 1 (ОТЧЕТНЫЙ ПЕРИОД)'!K602 -> 0 | L106: ='Приложение 1 (ОТЧЕТНЫЙ ПЕРИОД)'!L602 -> 0 | M106: ='Приложение 1 (ОТЧЕТНЫЙ ПЕРИОД)'!M602 -> 0 | N106: ='Приложение 1 (ОТЧЕТНЫЙ ПЕРИОД)'!N602 -> 1.76
D107: проверочная сторока | E107: =E104+E105+E106 -> 1.56 | F107: =F104+F105+F106 -> 1.56 | G107: =G104+G105+G106 -> 1.56 | H107: =H104+H105+H106 -> 0.2 | I107: =I104+I105+I106 -> 0 | K107: =K104+K105+K106 -> 0 | L107: =L104+L105+L106 -> 0 | M107: =M104+M105+M106 -> 0 | N107: =N104+N105+N106 -> 1.76 | P107: =SUM(E107:O107) -> 6.64
D108: проверочная сторока | E108: =E107-E103 -> 0 | F108: =F107-F103 -> 0 | G108: =G107-G103 -> 0 | H108: =H107-H103 -> 0 | I108: =I107-I103 -> 0 | K108: =K107-K103 -> 0 | L108: =L107-L103 -> 0 | M108: =M107-M103 -> 0 | N108: =N107-N103 -> 0 | P108: =SUM(E108:O108) -> 0
E109: X. | F109: КУЛЬТУРА
A110: 1 | B110: Итого по национальному проекту | D110: Всего | E110: ='Приложение 1 (ОТЧЕТНЫЙ ПЕРИОД)'!E631 -> 3.35 | F110: ='Приложение 1 (ОТЧЕТНЫЙ ПЕРИОД)'!F631 -> 3.35 | G110: ='Приложение 1 (ОТЧЕТНЫЙ ПЕРИОД)'!G631 -> 3.35 | H110: ='Приложение 1 (ОТЧЕТНЫЙ ПЕРИОД)'!H631 -> 0 | I110: ='Приложение 1 (ОТЧЕТНЫЙ ПЕРИОД)'!I631 -> 0.15 | K110: ='Приложение 1 (ОТЧЕТНЫЙ ПЕРИОД)'!K631 -> 0 | L110: ='Приложение 1 (ОТЧЕТНЫЙ ПЕРИОД)'!L631 -> 0.04 | M110: ='Приложение 1 (ОТЧЕТНЫЙ ПЕРИОД)'!M631 -> 0.04 | N110: ='Приложение 1 (ОТЧЕТНЫЙ ПЕРИОД)'!N631 -> 3.58 | R110: =B111 -> КУЛЬТУРА | S110: =D110 -> Всего | T110: =E110 -> 3.35 | U110: =F110 -> 3.35 | V110: =G110 -> 3.35 | W110: =F110/E110% -> 100 | X110: =G110/F110% -> 100
...
